 Dungeon Crawl Stone Soup version 0.31.0-32-g396128a36d (webtiles) character file.

Game seed: 8081024437509032607

3566257 raetorn the Acrobat (level 25, 135/135 HPs)
             Began as a Felid Fighter on Mar 10, 2024.
             Was the Champion of Jiyva.
             Escaped with the Orb
             ... and 4 runes
             ... and 4 gems on Mar 11, 2024!
             The game lasted 01:59:34 (43435 turns).

raetorn the Acrobat (Felid Fighter)                Turns: 43435, Time: 01:59:35

Health: 135/135    AC: 13    Str: 20    XL:     25   Next: 99%
Magic:  24/24      EV: 70    Int: 13    God:    Jiyva [******]
Gold:   4098       SH:  0    Dex: 25    Spells: 7/24 levels left
                                        Lives:  1   Deaths: 5

rFire   + +          .
                       - Unarmed
rCold   + + .        (shield unavailable)
rNeg    + . .        (body armour unavailable)
rPois   ∞            (helmet unavailable)
rElec   +            (cloak unavailable)
rCorr   +            (gloves unavailable)
SInv    +            (boots unavailable)
Will    +++..        x - amulet of Fiwuss {rC++ Regen+}
Stlth   ++++         Z - ring of protection from fire
HPRegen 2.82/turn    B - ring of Liruu {rElec rF+ rN+}
MPRegen 0.99/turn

%: no passive effects
@: storm-form, flying, studying 4 skills
A: cleaving, insubstantial, flying, very small, (claws 1), (fangs 3), see
invisible, (shaggy fur 3), (stealthy paws), no weapons or thrown items, no
armour, multi-lived, (horns 1), thin skeletal structure 2, (cold resistance 1),
frail 1, inhibited regeneration, strong 1, wild magic 3, (gelatinous body 1),
(pseudopods 1), (translucent skin 3), (jelly absorbing missiles), inability to
drink after injury 1, MP-powered wands
0: Orb of Zot
}: 4/15 runes: barnacled, slimy, silver, gossamer
a: Blinkbolt, Begin Untransformation, Renounce Religion, Oozemancy, Slimify


You escaped.
You worshipped Jiyva.
Jiyva was exalted by your worship.
You were a lightning-filled tempest!
You visited 11 branches of the dungeon, and saw 55 of its levels.
You also visited: Trove, Sewer, Bailey, Volcano, Wizlab and Desolation.

You collected 6786 gold pieces.
You spent 2688 gold pieces at shops.

Inventory:

Jewellery
 s - the ring of Harmony {rC+ rN++ Int+3}
   (You took it off a deep elf high priest on level 3 of the Elven Halls)

   [ring of protection from cold]

   Int+3:     It affects your intelligence (+3).
   rC+:       It protects you from cold.
   rN++:      It greatly protects you from negative energy.
 x - the amulet of Fiwuss (around neck) {rC++ Regen+}
   (You found it on level 5 of the Pits of Slime)

   [amulet of regeneration]

   rC++:      It greatly protects you from cold.
   Regen+:    It increases your rate of health regeneration.
 B - the ring of Liruu (right paw) {rElec rF+ rN+}
   (You found it on level 3 of the Crypt)

   [ring of positive energy]

   rF+:       It protects you from fire.
   rElec:     It insulates you from electricity.
   rN+:       It protects you from negative energy.
 F - the ring "Xoicinkuhu" {rN+ Str+4 Dex+5 Stlth-}
   (You found it on level 3 of the Crypt)

   [ring of positive energy]

   Str+4:     It affects your strength (+4).
   Dex+5:     It affects your dexterity (+5).
   rN+:       It protects you from negative energy.
   Stlth-:    It makes you less stealthy.
 G - a ring of willpower
 N - a +5 ring of evasion
 U - the ring "Yntaodi" {Fire rN+ Slay+2 Stlth+}
   (You found it in the Desolation of Salt)

   [ring of fire]

   Fire:      It enhances your fire magic.
   Slay+2:    It affects your accuracy & damage with ranged weapons and melee
   (+2).
   rF+:       It protects you from fire.
   rC-:       It makes you vulnerable to cold.
   rN+:       It protects you from negative energy.
   Stlth+:    It makes you more stealthy.
 X - a +4 ring of protection
 Z - a ring of protection from fire (left paw)
Talismans
 D - a granite talisman
 K - a storm talisman (active)
 R - the blade talisman of Minor Irritation {rF+ rC+ Int+2}
   (You found it on level 4 of the Lair of Beasts)

   [blade talisman]

   Int+2:     It affects your intelligence (+2).
   rF+:       It protects you from fire.
   rC+:       It protects you from cold.
 V - a dragon-blood talisman
Wands
 l - a wand of paralysis (20)
 z - a wand of acid (16)
 C - a wand of roots (18)
 L - a wand of polymorph (21)
 O - a wand of flame (34)
 Y - a wand of digging (6)
Scrolls
 b - 8 scrolls of poison
 d - 3 scrolls of immolation
 f - 5 scrolls of silence
 m - 6 scrolls of fog
 n - 5 scrolls of summoning
 o - 7 scrolls of vulnerability
 p - 10 scrolls of teleportation
 t - 6 scrolls of fear
 v - 2 scrolls of torment
 y - 8 scrolls of blinking
 E - 6 scrolls of noise
 J - 4 scrolls of revelation
 Q - 6 scrolls of amnesia
Potions
 a - 12 potions of might
 c - 6 potions of brilliance
 e - 7 potions of lignification
 g - 5 potions of berserk rage
 h - 6 potions of attraction
 j - 18 potions of curing
 k - 5 potions of mutation
 q - 2 potions of cancellation
 r - 3 potions of resistance
 u - a potion of magic
 w - 7 potions of enlightenment
 A - 2 potions of invisibility
 M - 12 potions of ambrosia
 S - 6 potions of haste
 T - 6 potions of heal wounds
Miscellaneous
 i - a phantom mirror
 H - a condenser vane
 I - a box of beasts
 P - a lightning rod (4/4)
 W - a phial of floods


   Skills:
 * Level 21.6 Fighting
 + Level 26.6 Dodging
 + Level 24.8 Stealth
 + Level 23.7 Unarmed Combat
 + Level 18.2 Translocations
 + Level 24.5 Shapeshifting


You had 7 spell levels left.
You knew the following spells:

 Your Spells              Type           Power      Damage    Failure   Level
a - Apportation           Tloc           100%       N/A       1%          1
b - Blink                 Tloc           100%       N/A       1%          2
c - Manifold Assault      Tloc           74%        N/A       3%          4
d - Dispersal             Tloc           37%        N/A       12%         6
e - Vhi's Electric Charg  Tloc/Air       88%        N/A       24%         4

Your spell library contained the following spells:

 Spells                   Type           Power      Damage    Failure   Level
 Lesser Beckoning         Tloc           100%       N/A       1%          2
 Gell's Gravitas          Tloc           74%        N/A       1%          3
 Teleport Other           Tloc           74%        N/A       1%          3
 Momentum Strike          Conj/Tloc      88%        3d10      7%          2
 Volatile Blastmotes      Fire/Tloc      88%        2d17      11%         3
 Summon Forest            Summ/Tloc      22%        N/A       45%         5
 Foxfire                  Conj/Fire      0%         2x1d4     56%         1
 Kiss of Death            Conj/Necr      0%         2d5       56%         1
 Magic Dart               Conj           0%         1d3       56%         1
 Necrotise                Necr           0%         1d4       56%         1
 Sandblast                Erth           0%         2d4       56%         1
 Sting                    Conj/Alch      0%         1d3       56%         1
 Summon Small Mammal      Summ           0%         N/A       56%         1
 Call Imp                 Summ           0%         N/A       69%         2
 Cigotuvi's Dreadful Rot  Necr/Alch/Air  0%         N/A       69%         2
 Ensorcelled Hibernation  Hex/Ice        0%         N/A       69%         2
 Jinxbite                 Hex            0%         N/A       69%         2
 Mercury Vapours          Alch/Air       0%         N/A       69%         2
 Scorch                   Fire           0%         2d5       69%         2
 Searing Ray              Conj           0%         2d4       69%         2
 Call Canine Familiar     Summ           0%         N/A       87%         3
 Confusing Touch          Hex            0%         N/A       87%         3
 Dazzling Flash           Conj/Hex       0%         N/A       87%         3
 Fugue of the Fallen      Necr           0%         N/A       87%         3
 Hailstorm                Conj/Ice       0%         3d5       87%         3
 Inner Flame              Hex/Fire       0%         N/A       87%         3
 Mephitic Cloud           Conj/Alch/Air  0%         N/A       87%         3
 Ozocubu's Armour         Ice            0%         N/A       87%         3
 Passwall                 Erth           0%         N/A       87%         3
 Stone Arrow              Conj/Erth      0%         3d7       87%         3
 Tukima's Dance           Hex            0%         N/A       87%         3
 Anguish                  Hex/Necr       0%         N/A       99%         4
 Brom's Barrelling Bould  Conj/Erth      0%         2d3       99%         4
 Dispel Undead            Necr           0%         3d6       99%         4
 Flame Wave               Conj/Fire      0%         2d4       99%         4
 Fulminant Prism          Conj/Alch      0%         3d5       99%         4
 Leda's Liquefaction      Alch/Erth      0%         N/A       99%         4
 Martyr's Knell           Necr/Summ      0%         N/A       99%         4
 Sticky Flame             Fire/Alch      0%         2d4       99%         4
 Alistair's Intoxication  Alch           0%         N/A       100%        5
 Borgnjor's Vile Clutch   Necr/Erth      0%         N/A       100%        5
 Fireball                 Conj/Fire      0%         3d3       100%        5
 Freezing Cloud           Conj/Ice/Air   0%         6-21      100%        5
 Irradiate                Conj/Alch      0%         3d11      100%        5
 Metabolic Englaciation   Hex/Ice        0%         N/A       100%        5
 Summon Mana Viper        Hex/Summ       0%         N/A       100%        5
 Bombard                  Conj/Erth      0%         9d1       100%        6
 Conjure Ball Lightning   Conj/Air       0%         3x3d6     100%        6
 Death Channel            Necr           0%         N/A       100%        6
 Eringya's Noxious Bog    Alch           0%         4d6       100%        6
 Plasma Beam              Fire/Air       0%         2x1d10    100%        6
 Sculpt Simulacrum        Ice/Alch       0%         N/A       100%        6
 Starburst                Conj/Fire      0%         6d3       100%        6
 Summon Cactus Giant      Summ           0%         N/A       100%        6
 Malign Gateway           Summ/Tloc      22%        N/A       100%        7
 Summon Hydra             Summ           0%         N/A       100%        7
 Disjunction              Tloc           37%        N/A       91%         8
 Borgnjor's Revivificati  Necr           0%         N/A       100%        8
 Discord                  Hex            0%         N/A       100%        8
 Infestation              Necr           0%         N/A       100%        8
 Lehudib's Crystal Spear  Conj/Erth      0%         10d2      100%        8
 Maxwell's Capacitive Co  Air            0%         ∞         100%        8
 Summon Horrible Things   Summ           0%         N/A       100%        8
 Death's Door             Necr           0%         N/A       100%        9
 Dragon's Call            Summ           0%         N/A       100%        9
 Shatter                  Erth           0%         3d5*      100%        9
 Dimensional Bullseye     Hex/Tloc       Unusable   N/A       N/A         4
 Sublimation of Blood     Necr           Unusable   N/A       N/A         2
 Animate Armour           Summ/Erth      Unusable   N/A       N/A         4

Dungeon Overview and Level Annotations

Branches:
Dungeon (15/15)              Lair (5/5) D:8          Shoals (4/4) Lair:2
 Spider (4/4) Lair:3        Slime (5/5) Lair:5          Orc (2/2) D:11
    Elf (3/3) Orc:2        Vaults (5/5) D:13          Crypt (3/3) Vaults:2
   Tomb (0/3) Crypt:3      Depths (4/4) D:15            Zot (5/5) Depths:4
  Sewer (visited)          Bailey (visited)         Volcano (visited)
 WizLab (visited)         Desolation (visited)
 Temple: D:4-7

Altars:
Ashenzari
Dithmenos
Elyvilon
Hepliaklqana
Kikubaaqudgha
Nemelex Xobeh
Okawaru
Sif Muna
Uskayaw
Vehumet
Xom
Zin
The Shining One
Jiyva
Lugonu

Shops:
D:1 (   D:7 [   D:8 [   D:12 !   D:14 :   Orc:2 !([(   Elf:1 *   Shoals:1 [
Shoals:3 [   Vaults:2 *   Depths:2 **   Depths:4 :=:

Portals:
Hell: Depths:1 Depths:2 Depths:3 Depths:4
Abyss: Depths:3 Depths:4
Pandemonium: Depths:2
Ziggurat: Depths:1

Annotations:
D:14 1 runed translucent door, 1 transporter, Laowois's ghost, journeyman MiBe
Shoals:3 exclusion: kraken
Slime:5 Dissolution, Royal Jelly
Elf:2 3 runed translucent doors
Crypt:1 3 runed translucent doors, Esecs's ghost, veteran GrEE; Heot Zafel's ghost, veteran MiGl; Roocroe's ghost, veteran MiGl
Zot:3 Josephina
Zot:5 3 runed translucent doors, Cyqimiab's ghost, legendary MfGl


Innate Abilities, Weirdness & Mutations

You are a lightning-filled tempest!
Your electrical attacks strike out in all directions at once.
You are incredibly evasive.
Your insubstantial body is immune to petrification, constriction, and being set on fire You are flying.
You are immune to poison.
((You have sharp claws.))
((You have razor-sharp teeth.))
You have supernaturally acute eyesight. (SInv)
((Your thick and shaggy fur keeps you warm. (AC +3, rC+)))
((Your paws help you pounce on unaware monsters.))
You are incapable of wielding weapons or throwing items.
You cannot wear armour.
You gain extra lives every three experience levels.
((You have a pair of small horns on your head.))
You have a moderately thin skeletal structure. (Dex +4, Stealth++)
((Your flesh is cold resistant. (rC+)))
You are frail. (-10% HP)
You do not regenerate when monsters are visible.
Your muscles are strong. (Str +4, Int/Dex -1)
Your spells are much harder to cast, but much more powerful.
((Your rubbery body absorbs attacks. (AC +1, EV +1)))
((Armour fits poorly on your pseudopods.))
((Your transparent skin significantly reduces your foes' accuracy. (Stealth+)))
((You have a small jelly attached to you that may absorb projectiles.))
You occasionally lose the ability to drink potions when taking damage.
You expend magic power (3 MP) to strengthen your wands.


Message History

You hear a distant slurping noise.
You hear a distant slurping noise.
Jiyva says: Divide and consume!
A smoke demon comes into view.
You batter the smoke demon!!
Lightning courses through the smoke demon!
The smoke demon is almost dead.
You closely miss the smoke demon.
The smoke demon is almost dead.
The smoke demon completely misses you. x3
You buffet the smoke demon!
Lightning courses through the smoke demon!!
You kill the smoke demon!
No target in view!
What level of the Dungeon? (default 1, ? - help)
There is a stone staircase leading up here.
You fly upwards.
There is a stone staircase leading down here.
You reach down and open the door.
There is an open door here.
There is a stone staircase leading up here.
You fly upwards.
There is a stone staircase leading down here.
You reach down and open the door.
There is an open door here.
Jiyva gurgles merrily.
A green death comes into view.
You blast the green death!!!
The green death is heavily wounded.
You buffet the green death!
You punch the green death!!
You kill the green death!
No target in view!
You hear a distant slurping noise.
You hear a distant slurping noise.
You hear a distant slurping noise. x2
There is an open door here.
There is a staircase leading out of the dungeon here.
You can't go down here!
Unknown command.
You have escaped!

#....####.........###.....#
#.......'.........'........
#....#####+#......###......
##.#.## #.#.....###.......
#..### #.#....## #..J....
#.## #.#...## #..###.# #.#
##.##+## #..##..#
#.########...########..##.##
#.#..+.....v.....'..#..##.##
#.#.###.........###.#.......
#....###.......####.#.......
###### ##.....## #........##
##...## #.######.## ##.##
#.# #..# #############.#
#... #.............# #.#.
#########.##### #..#


There were no monsters in sight!

Vanquished Creatures
  A pandemonium lord (Zot:4)
  2 dread liches
  2 ancient liches
  Tiamat (Zot:2)
  Mara (Vaults:5)
  2 orbs of fire
  Sojobo (Depths:3)
  Bai Suzhen (Spider:3)
  Boris (4 times) (Vaults:3 Crypt:1 Crypt:3 D:8)
  3 Killer Klowns
  A curse toe (Zot:4)
  Margery (Depths:3)
  Saint Roka (Crypt:1)
  Norris (Vaults:4)
  15 golden dragons
  3 bone dragons
  Jory (Vaults:3)
  4 electric golems
  A Tzitzimitl (D:11)
  10 tentacled monstrosities
  5 liches
  7 titans (Vaults:5)
  A Hell Sentinel (Depths:3)
  20 Orb Guardians
  2 deep elf blademasters (Elf:3)
  2 deep elf master archers (Elf:3)
  10 sphinxes
  A quicksilver dragon (Vaults:5)
  8 ancient champions (Crypt:3)
  A searing wretch (Depths:3)
  4 death cobs
  The ghost of Qonatetz the Victor of a Thousand Battles, an adept DsGl of Okawaru (Depths:3)
  6 tengu reavers
  11 storm dragons
  A daeva (Shoals:4)
  Roxanne (Spider:2)
  5 shadow dragons
  Donald (Spider:1)
  7 protean progenitors
  A demonspawn warmonger (Depths:3)
  A revenant (Crypt:3)
  5 draconian knights
  9 draconian monks
  4 deep elf sorcerers (Elf:3)
  4 emperor scorpions
  7 fire giants
  2 draconian scorchers
  4 frost giants
  15 vault wardens
  3 draconian shifters (Zot:2)
  6 ghost moths
  2 imperial myrmidons (Desolation)
  6 deep elf elementalists (Elf:3)
  A curse skull (Vaults:2)
  4 draconian stormcallers
  15 ironbound preservers
  A demonspawn corrupter (Depths:3)
  An orc warlord (Orc:1)
  5 ironbound thunderhulks
  A cacodemon (D:14)
  A reaper (Depths:1)
  A caustic shrike skeleton (Crypt:3)
  13 stone giants
  4 draconian annihilators
  16 very ugly things
  3 spriggan defenders
  7 black draconians
  10 broodmothers
  3 vampire knights
  A juggernaut skeleton (Depths:2)
  9 deep elf annihilators
  8 deep elf death magi
  12 yellow draconians
  5 deep elf demonologists
  11 white draconians
  5 dire elephants
  8 purple draconians
  7 red draconians
  3 halazid warlocks (Desolation)
  3 war gargoyles
  2 eidola
  8 green draconians
  2 spark wasps (Spider:2)
  8 merfolk impalers
  3 crystal guardians
  9 entropy weavers
  3 deep elf high priests
  2 green deaths
  14 yaktaur captains
  7 merfolk javelineers (Shoals:4)
  17 ettins
  8 fire dragons
  2 mummy priests (WizLab)
  5 ragged hierophants (Desolation)
  6 jiangshi
  41 vault guards
  The ghost of CapUranus the Severer, a journeyman HOFi of Gozag (D:11)
  7 peacekeepers
  An ogre mage (Vaults:5)
  3 rakshasas
  A quicksilver dragon skeleton (Crypt:3)
  4 servants of whispers (Desolation)
  10 hydras
  3 ice dragons
  A sphinx zombie (Depths:4)
  8 spriggan skeletons
  A death knight (Crypt:1)
  2 catoblepae
  6 ironbound frosthearts
  3 jorogumos
  15 boulder beetles
  3 radroaches
  3 merfolk avatars
  A satyr (Shoals:3)
  3 two-headed ogres
  19 dancing weapons
  3 merfolk aquamancers
  2 alligator snapping turtles (Shoals:4)
  15 centaur warriors
  2 fenstrider witch skeletons (Crypt:3)
  9 death yaks
  5 deep troll shamans
  5 tengu warriors
  10 demonic crawlers
  5 vampire magi
  2 occultists
  4 deep troll earth magi
  7 orc high priests
  A spriggan berserker (Depths:3)
  2 hell hogs (Depths:1)
  13 deep elf knights
  7 hell knights
  Sonja (D:13)
  2 sun demons
  An emperor scorpion zombie (Crypt:3)
  A soul eater (D:8)
  9 skysharks
  A sixfirhy (Depths:2)
  62 deep trolls
  2 golden dragon zombies (WizLab)
  47 skeletal warriors
  An anaconda zombie (Crypt:1)
  4 iron trolls
  2 orb spiders (Spider:4)
  9 pharaoh ants
  A shadow wraith (Vaults:5)
  A flayed ghost (Crypt:2)
  5 sea snakes
  4 sun moths
  2 cherubim (Shoals:4)
  A shadow demon (Depths:3)
  A sun moth (shapeshifter) (Elf:1)
  9 steelbarb worms
  5 arcanists
  A tengu zombie (Depths:4)
  9 deep elf archers
  10 orc knights
  A shadow dragon zombie (WizLab)
  An iron giant skeleton (Crypt:3)
  28 ironbound convokers
  A harpy (shapeshifter) (D:13)
  15 deep elf zephyrmancers
  A steelbarb worm (shapeshifter) (Depths:4)
  A bunyip skeleton (Crypt:3)
  An iron dragon zombie (Depths:4)
  A golden dragon skeleton (Depths:1)
  4 lindwurms
  6 phantasmal warriors
  22 wolf spiders
  10 necromancers
  27 deep elf pyromancers
  11 harpies
  A tengu skeleton (Depths:2)
  3 orc sorcerers
  2 stone giant zombies
  16 ugly things
  2 fire giant zombies
  22 manticores
  A frost giant zombie (WizLab)
  A jorogumo skeleton (Crypt:2)
  13 fauns
  5 merfolk sirens
  An alligator skeleton (Crypt:3)
  4 kobold blastminers
  25 moths of wrath
  A demonspawn zombie (WizLab)
  2 meliai (Spider:4)
  3 stone giant skeletons
  10 cyclopes
  A black mamba (shapeshifter) (Elf:1)
  A frost giant skeleton (Depths:1)
  12 elephants
  2 black mambas
  3 water nymphs
  A shock serpent zombie (Crypt:3)
  A smoke demon (D:3)
  3 molten gargoyles
  An orange demon (D:14)
  3 guardian serpents (Desolation)
  11 torpor snails
  20 vault sentinels
  4 gargoyles
  4 cane toads
  A centaur skeleton (Crypt:3)
  A grey draconian zombie (Crypt:3)
  3 unseen horrors
  Jeremiah (D:8)
  25 yaktaurs
  12 komodo dragons
  A dire elephant skeleton (Crypt:3)
  A mana viper skeleton (Crypt:3)
  A naga skeleton (Crypt:3)
  3 rime drakes
  5 freezing wraiths
  A tormentor (Depths:3)
  4 guardian mummies (Crypt:3)
  2 tengu conjurers
  A red devil (D:4)
  20 merfolk
  A human zombie (WizLab)
  2 tyrant leeches (Lair:5)
  4 wind drakes
  4 polar bears
  A queen bee (Lair:2)
  6 trolls
  42 saltlings (Desolation)
  7 hornets
  23 tarantellas
  6 blink frogs (Lair:2)
  A boulder beetle zombie (Crypt:1)
  A guardian serpent zombie (Crypt:3)
  An ettin zombie (Crypt:2)
  4 dream sheep
  A harpy skeleton (Crypt:3)
  28 culicivoras
  5 spriggan zombies
  A frost giant simulacrum (Depths:1)
  3 snapping turtles
  6 air elementals
  A ynoxinul (Zot:4)
  24 jumping spiders
  9 water elementals
  5 wyverns
  2 shadows (D:11)
  8 spriggans
  A black mamba zombie (Crypt:2)
  7 wraiths
  4 fire bats (Volcano)
  2 fire elementals
  A human (shapeshifter) (D:14)
  55 yaks
  50 redbacks
  A wind drake skeleton (Crypt:2)
  3 wargs
  5 basilisks
  2 steam dragons
  5 vampire mosquitoes
  4 acid dragons
  A hell hound (Elf:3)
  A demonspawn skeleton (Crypt:3)
  16 water moccasins
  45 orc warriors
  2 swamp drakes (Lair:5)
  6 ice beasts
  A small abomination (Zot:4)
  3 black bears
  20 laughing skulls
  7 centaurs
  10 ogres
  12 boggarts
  A dream sheep skeleton (Crypt:2)
  10 wolves
  A wolf (shapeshifter) (D:15)
  3 kobold brigands
  A phantom (D:5)
  9 bullfrogs
  2 earth elementals
  A scorpion (shapeshifter) (Elf:3)
  A gnoll sergeant (D:10)
  A scorpion (D:8)
  19 wights
  2 jellies (Orc:2)
  A yak zombie (Crypt:1)
  39 killer bees
  A polar bear skeleton (Crypt:2)
  2 electric eels (Lair:5)
  7 howler monkeys
  5 lava snakes (Volcano)
  31 orc priests
  A sleepcap (D:8)
  5 iguanas
  A black bear skeleton (Crypt:3)
  25 orc wizards
  A deep dwarf zombie (Crypt:3)
  A crocodile skeleton (Crypt:2)
  10 adders
  4 gnolls
  A shadow imp (D:7)
  2 white imps
  A ribbon worm (D:2)
  7 dart slugs
  81 orcs
  10 ball pythons
  5 endoplasms
  11 giant cockroaches
  4 goblins
  6 hobgoblins
  8 kobolds
  3 quokkas
  A bat (D:1)
  8 frilled lizards
  4 rats
  2 aspiring fleshes
  A spectral weapon (Zot:5)
2083 creatures vanquished.

Vanquished Creatures (collateral kills)
  Vv (Depths:2)
  An Orb Guardian (Zot:5)
  A storm dragon (Vaults:5)
  A protean progenitor (Zot:5)
  3 broodmothers
  A spriggan defender (Depths:1)
  An ironbound thunderhulk (Vaults:2)
  An ettin (Depths:3)
  An ice dragon (Depths:2)
  A fire dragon (Depths:2)
  A ragged hierophant (Desolation)
  A centaur warrior (D:13)
  Erica (D:9)
  A death yak (Lair:3)
  2 two-headed ogres
  2 tengu warriors (Depths:1)
  A demonic crawler (Spider:1)
  An occultist (Depths:4)
  A hell knight (Depths:4)
  A pharaoh ant (Spider:4)
  2 skeletal warriors (D:13)
  A swamp dragon (Lair:5)
  A flayed ghost (Crypt:3)
  An arcanist (D:13)
  4 orb spiders
  2 steelbarb worms (Spider:4)
  An orc knight (Crypt:1)
  A wolf spider (Spider:2)
  An elf zombie (WizLab)
  A stone giant zombie (WizLab)
  A frost giant zombie (WizLab)
  An elephant (Lair:5)
  A black mamba (Lair:3)
  3 cane toads
  2 komodo dragons (Lair:1)
  A tengu conjurer (D:13)
  A hornet (D:7)
  3 tarantellas (Spider:4)
  2 saltlings (Desolation)
  A tyrant leech (Lair:5)
  2 culicivoras
  2 jumping spiders
  A wyvern (D:9)
  10 yaks
  A spriggan (Bailey)
  A wraith (D:11)
  2 basilisks (Lair:5)
  A vampire mosquito (D:11)
  A steam dragon (Lair:5)
  A redback (Spider:1)
  3 acid dragons
  A water moccasin (Lair:2)
  3 orc warriors
  A centaur (D:9)
  A wight (D:9)
  3 orc priests (D:9)
  A gnoll bouda (D:7)
  An orc wizard (D:9)
  2 gnolls (D:7)
  2 ufetubi (D:7)
  5 orcs
  A kobold (D:9)
101 creatures vanquished.

Vanquished Creatures (others)
  2 formless jellyfish
  A deep elf annihilator (Vaults:5)
  A merfolk javelineer (Shoals:4)
  2 merfolk impalers (Shoals:4)
  5 great orbs of eyes
  A yaktaur captain (Vaults:3)
  A servant of whispers (Desolation)
  2 merfolk aquamancers (Shoals:4)
  A death knight (Vaults:2)
  A satyr (Shoals:4)
  2 death yaks (Shoals:4)
  A demonic crawler (Spider:3)
  A shock serpent (shapeshifter) (Vaults:5)
  A glowing orange brain (Depths:3)
  3 skeletal warriors (Crypt:3)
  2 sea snakes (Shoals:4)
  2 arcanists
  A glowing orange brain (shapeshifter) (Depths:4)
  A deep troll (Vaults:3)
  An orb spider (Spider:3)
  A mana viper (shapeshifter) (Depths:4)
  An elf zombie (Vaults:4)
  2 phantasmal warriors
  A necromancer (Vaults:4)
  A moth of wrath (Zot:2)
  5 ugly things
  A manticore (D:12)
  2 fauns (Shoals:4)
  A merfolk siren (Shoals:4)
  A black mamba (Lair:5)
  A torpor snail (Lair:5)
  A cane toad (Lair:5)
  A komodo dragon (Lair:5)
  8 yaktaurs
  2 merfolk (Shoals:4)
  2 tarantellas
  A saltling (Desolation)
  3 blink frogs (Lair:5)
  A dream sheep (Shoals:4)
  A dream sheep (shapeshifter) (Depths:3)
  A snapping turtle (Shoals:4)
  34 slime creatures
  A centaur simulacrum (D:11)
  A culicivora (Spider:3)
  A wyvern (D:10)
  A yak (D:10)
  2 shadows
  A human (shapeshifter) (Depths:3)
  A golden eye (Zot:4)
  2 redbacks (shapeshifter) (Vaults:5)
  A yak (shapeshifter) (D:14)
  A basilisk (D:11)
  A swamp worm (shapeshifter) (Vaults:5)
  An orc warrior (Orc:1)
  2 sky beasts (D:8)
  3 laughing skulls (Crypt:3)
  5 boggarts (Vaults:2)
  A centaur (D:8)
  A bullfrog (Lair:3)
  A scorpion (D:4)
  A killer bee (D:9)
  A bombardier beetle (shapeshifter) (D:14)
  A human simulacrum (Vaults:4)
  189 jellies
  A hound (D:4)
  An orc wizard (D:11)
  An adder (D:4)
  3 dart slugs (Sewer)
  13 orcs
  A ball python (D:4)
  An endoplasm (D:4)
  4 goblins (D:10)
  2 kobolds (D:9)
  2 butterflies
352 creatures vanquished.

Grand Total: 2536 creatures vanquished

Notes
Turn   | Place    | Note
-------+----------+-------------------------------------------
     0 | D:1      | raetorn the Felid Fighter began the quest for the Orb.
     0 | D:1      | Reached XP level 1. HP: 12/12 MP: 2/2
   163 | D:1      | HP: 10/12 [quokka (2)]
   171 | D:1      | Reached XP level 2. HP: 16/16 MP: 3/3
   181 | D:1      | HP: 15/16 [bat (1)]
   414 | D:1      | HP: 11/16 [frozen (5)]
   628 | D:1      | Found Hyhokhess's Antique Weapon Boutique.
   651 | D:1      | HP: 15/16 [hobgoblin (1)]
   761 | D:1      | Reached XP level 3. HP: 20/20 MP: 4/4
  1022 | D:2      | HP: 19/20 [constriction (1)]
  1027 | D:2      | HP: 17/20 [goblin/+0 club (2)]
  1044 | D:2      | HP: 15/20 [frozen (1)]
  1308 | D:3      | HP: 17/20 [goblin/+0 dagger (3)]
  1371 | D:3      | HP: 16/20 [orc/+0 mace (4)]
  1479 | D:3      | HP: 18/20 [orc/+0 whip (2)]
  1485 | D:3      | HP: 9/20 [orc/+0 club (3)]
  1631 | D:3      | HP: 19/20 [orc/+0 whip (1)]
  1872 | D:3      | HP: 17/20 [quokka (3)]
  1947 | D:3      | Found a faded altar of an unknown god.
  2070 | D:3      | Prayed at the altar of an unknown god.
  2070 | D:3      | Became a worshipper of Jiyva Joaskoot the Shapeless
  2070 | D:3      | Reached * piety under Jiyva
  2204 | D:4      | Reached XP level 4. HP: 24/24 MP: 5/5
  2204 | D:4      | Gained a life (2 lives remaining)
  2278 | D:4      | HP: 22/24 [frilled lizard (2)]
  2286 | D:4      | HP: 23/24 [adder (1)]
  2293 | D:4      | Reached skill level 5 in Unarmed Combat
  2301 | D:4      | Found a glowing drain.
  2309 | Sewer    | Entered a sewer
  2317 | Sewer    | HP: 23/25 [giant cockroach (2)]
  2348 | Sewer    | HP: 24/25 [adder (1)]
  2353 | Sewer    | HP: 22/25 [poisoned by an adder]
  2358 | Sewer    | HP: 22/25 [poisoned by an adder]
  2363 | Sewer    | HP: 19/25 [poisoned by an adder]
  2365 | Sewer    | Reached skill level 5 in Dodging
  2368 | Sewer    | HP: 12/25 [poisoned by an adder]
  2408 | Sewer    | HP: 21/25 [adder (4)]
  2413 | Sewer    | HP: 22/25 [poisoned by an adder]
  2428 | Sewer    | Reached XP level 5. HP: 29/29 MP: 6/6
  2440 | Sewer    | HP: 28/29 [giant cockroach (1)]
  2458 | Sewer    | HP: 28/29 [dart slug (1)]
  2494 | Sewer    | HP: 26/29 [ball python (3)]
  2499 | Sewer    | HP: 28/29 [frilled lizard (1)]
  2505 | Sewer    | HP: 26/29 [bullfrog (3)]
  2513 | Sewer    | HP: 20/29 [adder (2)]
  2518 | Sewer    | HP: 11/29 [poisoned by an adder]
  2523 | Sewer    | HP: 11/29 [poisoned by an adder]
  2545 | Sewer    | Reached ** piety under Jiyva
  2798 | D:4      | HP: 27/29 [giant cockroach (2)]
  2934 | D:4      | HP: 26/29 [adder (3)]
  2939 | D:4      | HP: 26/29 [poisoned by an adder]
  3191 | D:4      | Found an iron altar of Okawaru.
  3191 | D:4      | Found a hide-covered altar of Uskayaw.
  3198 | D:4      | Found a broken altar of Ashenzari.
  3200 | D:4      | Found a shimmering blue altar of Sif Muna.
  3202 | D:4      | Found a shadowy altar of Dithmenos.
  3239 | D:5      | Entered Level 5 of the Dungeon
  3257 | D:5      | HP: 27/29 [orc wizard/+0 dagger (2)]
  3262 | D:5      | HP: 20/28 [orc wizard/+0 dagger (2)]
  3263 | D:5      | Gained mutation: You are covered in thick fur. (AC +2)
                  | [Felid growth]
  3263 | D:5      | Reached XP level 6. HP: 23/33 MP: 7/7
  3270 | D:5      | HP: 23/33 [orc/+0 dagger (3)]
  3307 | D:5      | Noticed an ice beast
  3317 | D:5      | HP: 31/33 [ice beast (2)]
  3320 | D:5      | Killed an ice beast
  3351 | D:5      | Reached *** piety under Jiyva
  3453 | D:5      | Reached skill level 6 in Dodging
  3583 | D:5      | HP: 32/34 [phantom (2)]
  3588 | D:5      | HP: 26/34 [phantom (6)]
  3653 | D:5      | Gained mutation: You have a small jelly attached to you
                  | that may absorb projectiles. [Jiyva's grace]
  3653 | D:5      | Gained mutation: You have a pair of small horns on your
                  | head. [Jiyva's grace]
  3653 | D:5      | Gained mutation: You have a pair of horns on your head.
                  | [Jiyva's grace]
  3653 | D:5      | Gained mutation: You have a pair of large horns on your
                  | head. [Jiyva's grace]
  3825 | D:5      | Found a radiant altar of Vehumet.
  3923 | D:6      | HP: 30/34 [burnt (4)]
  3924 | D:6      | You fall into a shaft and drop 2 floors!
  3952 | D:8      | Noticed an orc warrior
  3954 | D:8      | HP: 32/34 [orc priest/+0 short sword (2)]
  3959 | D:8      | Reached XP level 7. HP: 33/38 MP: 8/8
  3964 | D:8      | HP: 32/38 [orc warrior/+2 battleaxe of freezing (6)]
  3971 | D:8      | Found Doewoj's Armour Emporium.
  3984 | D:8      | HP: 35/38 [acid dragon/splash of acid (3)]
  3986 | D:8      | Reached skill level 5 in Fighting
  3996 | D:8      | Reached skill level 7 in Dodging
  3998 | D:8      | HP: 38/39 [acid dragon (1)]
  4001 | D:8      | HP: 16/39 [acid dragon (3)]
  4002 | D:8      | Reached XP level 8. HP: 19/44 MP: 9/9
  4006 | D:8      | HP: 8/44 [wight/+0 halberd (7)]
  4013 | D:8      | HP: 4/42 [wight/+0 halberd (5)]
  4021 | D:8      | HP: 11/44 [water moccasin (4)]
  4030 | D:8      | Reached skill level 8 in Dodging
  4038 | D:8      | HP: 14/44 [wight/+0 great sword (18)]
  4152 | D:8      | HP: 43/44 [orc/+1 heavy trident (1)]
  4160 | D:8      | HP: 10/44 [orc warrior/+0 glaive (23)]
  4164 | D:8      | Slain by an orc warrior
  4164 | D:8      | Lost a life (1 life remaining)
  4176 | D:8      | HP: 31/44 [orc/+1 heavy trident (13)]
  4239 | D:8      | Found a staircase to the Lair.
  4245 | D:8      | HP: 40/45 [black bear (5)]
  4250 | D:8      | HP: 38/45 [bullfrog (7)]
  4265 | D:8      | HP: 37/45 [yak (8)]
  4270 | D:8      | Reached XP level 9. HP: 45/49 MP: 10/10
  4270 | D:8      | Gained a life (2 lives remaining)
  4271 | D:8      | Noticed Jeremiah
  4276 | D:8      | HP: 39/49 [Jeremiah/+3 trident of draining (10)]
  4282 | D:8      | HP: 30/45 [Jeremiah/+3 trident of draining (10)]
  4286 | D:8      | HP: 14/41 [Jeremiah/+3 trident of draining (9)]
  4287 | D:8      | Killed from afar by Jeremiah
  4287 | D:8      | Lost a life (1 life remaining)
  4308 | D:8      | HP: 39/49 [Jeremiah/divine providence (10)]
  4321 | D:8      | HP: 27/49 [Jeremiah/divine providence (16)]
  4322 | D:8      | Killed Jeremiah
  4323 | D:8      | Reached skill level 9 in Dodging
  4326 | D:8      | Reached **** piety under Jiyva
  4369 | D:8      | HP: 44/49 [sky beast (5)]
  4707 | D:7      | Found Hoomexix's Armour Emporium.
  4712 | D:7      | Reached ***** piety under Jiyva
  4723 | D:7      | HP: 42/50 [gnoll/+0 spear of freezing[a gnoll bouda] (8)]
  4730 | D:7      | Reached skill level 10 in Unarmed Combat
  4735 | D:7      | HP: 28/50 [gnoll/+0 halberd[a gnoll bouda] (7)]
  4862 | D:7      | HP: 49/50 [iguana (1)]
  4877 | D:7      | Lost mutation: You have a small jelly attached to you that
                  | may absorb projectiles. [Jiyva's grace]
  4877 | D:7      | Gained mutation: Your translucent skin slightly reduces
                  | your foes' accuracy. (Stealth+) [Jiyva's grace]
  4877 | D:7      | Gained mutation: Your translucent skin reduces your foes'
                  | accuracy. (Stealth+) [Jiyva's grace]
  4877 | D:7      | Gained mutation: Your transparent skin significantly
                  | reduces your foes' accuracy. (Stealth+) [Jiyva's grace]
  4877 | D:7      | Gained mutation: Armour fits poorly on your pseudopods.
                  | [Jiyva's grace]
  5351 | D:9      | Reached skill level 10 in Dodging
  5352 | D:9      | HP: 47/51 [orc wizard/+2 dagger of venom (4)]
  5358 | D:9      | HP: 19/51 [orc priest/divine providence (12)]
  5359 | D:9      | Reached XP level 10. HP: 21/56 MP: 11/11
  5359 | D:9      | Gained a life (2 lives remaining)
  5398 | D:9      | HP: 52/56 [wight/+0 short sword (4)]
  5455 | D:9      | HP: 55/56 [killer bee (1)]
  5460 | D:9      | HP: 45/56 [poisoned by a killer bee]
  5465 | D:9      | HP: 47/56 [poisoned by a killer bee]
  5477 | D:9      | HP: 50/56 [killer bee (6)]
  5482 | D:9      | HP: 52/56 [poisoned by a killer bee]
  5555 | D:9      | HP: 40/56 [yak (16)]
  5580 | D:9      | HP: 47/57 [orc priest/divine providence (10)]
  5581 | D:9      | Reached skill level 11 in Dodging
  5585 | D:9      | HP: 39/57 [wyvern (16)]
  5632 | D:9      | HP: 53/57 [kobold brigand/+0 club (4)]
  5662 | D:9      | HP: 46/57 [orc warrior/+0 battleaxe (11)]
  5687 | D:9      | HP: 54/57 [kobold/+0 short sword (3)]
  5732 | D:9      | Noticed Erica
  5736 | D:9      | HP: 53/57 [constriction (4)]
  5739 | D:9      | HP: 24/57 [Erica/+4 scimitar of flaming (18)]
  5742 | D:9      | HP: 11/57 [poisoned by Erica (bolt of poison)]
  5744 | D:9      | Killed Erica
  5747 | D:9      | HP: 13/57 [poisoned by Erica (bolt of poison)]
  5810 | D:9      | Found a hazy altar of Hepliaklqana.
  5839 | D:9      | Noticed a two-headed ogre
  5845 | D:9      | HP: 44/57 [two-headed ogre/+0 giant spiked club (13)]
  5851 | D:9      | HP: 32/57 [two-headed ogre/+0 giant spiked club (20)]
  5853 | D:9      | Killed a two-headed ogre
  5920 | D:10     | Entered Level 10 of the Dungeon
  5927 | D:10     | HP: 46/58 [orc warrior/+0 flail (12)]
  5964 | D:10     | HP: 57/58 [orc/+0 whip (1)]
  6019 | D:10     | HP: 55/58 [yak (3)]
  6029 | D:10     | Reached XP level 11. HP: 60/62 MP: 12/12
  6030 | D:10     | HP: 59/62 [centaur (3)]
  6045 | D:10     | Found a flagged portal.
  6050 | Bailey   | Entered a bailey
  6062 | Bailey   | HP: 53/62 [ogre/+0 halberd (9)]
  6101 | Bailey   | HP: 55/62 [spriggan/+0 trident (7)]
  6112 | Bailey   | HP: 48/62 [spriggan/+0 trident (14)]
  6124 | Bailey   | Reached skill level 12 in Dodging
  6128 | Bailey   | Noticed a two-headed ogre
  6136 | Bailey   | HP: 41/62 [two-headed ogre/+0 bardiche (21)]
  6137 | Bailey   | Killed a two-headed ogre
  6292 | D:10     | Found a shimmering altar of Xom.
  6364 | D:10     | HP: 60/62 [gnoll/+0 spear[a gnoll sergeant] (2)]
  6411 | D:10     | HP: 54/62 [unseen horror (8)]
  6455 | D:10     | HP: 61/62 [yak (1)]
  6461 | D:10     | HP: 50/63 [yak (13)]
  6471 | D:10     | HP: 59/63 [yak (4)]
  6684 | D:10     | HP: 60/63 [wight/+3 spear (3)]
  6790 | D:10     | Noticed a white ugly thing
  6793 | D:10     | HP: 62/63 [unseen horror (1)]
  6800 | D:10     | Killed a white ugly thing
  6803 | D:10     | HP: 54/63 [vampire mosquito (9)]
  6915 | Lair:1   | Entered Level 1 of the Lair of Beasts
  6971 | Lair:1   | HP: 43/63 [komodo dragon (20)]
  6974 | Lair:1   | Reached skill level 10 in Fighting
  6985 | Lair:1   | HP: 52/63 [yak (11)]
  6990 | Lair:1   | HP: 55/63 [yak (3)]
  6991 | Lair:1   | Reached skill level 13 in Dodging
  7006 | Lair:1   | Reached ****** piety under Jiyva
  7059 | Lair:1   | HP: 61/63 [bullfrog (2)]
  7142 | Lair:1   | Lost mutation: You have a pair of large horns on your head.
                  | [Jiyva's grace]
  7142 | Lair:1   | Lost mutation: Armour fits poorly on your pseudopods.
                  | [Jiyva's grace]
  7142 | Lair:1   | Lost mutation: Your transparent skin significantly reduces
                  | your foes' accuracy. (Stealth+) [Jiyva's grace]
  7142 | Lair:1   | Lost mutation: Your translucent skin reduces your foes'
                  | accuracy. (Stealth+) [Jiyva's grace]
  7142 | Lair:1   | Gained mutation: You are partially covered in iridescent
                  | scales. (AC +2) [Jiyva's grace]
  7142 | Lair:1   | Gained mutation: You are mostly covered in iridescent
                  | scales. (AC +4) [Jiyva's grace]
  7142 | Lair:1   | Gained mutation: You are completely covered in iridescent
                  | scales. (AC +6) [Jiyva's grace]
  7142 | Lair:1   | Gained mutation: Your translucent skin reduces your foes'
                  | accuracy. (Stealth+) [Jiyva's grace]
  7427 | Lair:1   | HP: 54/63 [yak (9)]
  7434 | Lair:1   | HP: 53/63 [yak (2)]
  7672 | Lair:2   | HP: 58/64 [killer bee (6)]
  7677 | Lair:2   | HP: 60/64 [killer bee (4)]
  7696 | Lair:2   | HP: 62/64 [killer bee (2)]
  7701 | Lair:2   | HP: 48/64 [poisoned by a killer bee]
  7706 | Lair:2   | HP: 51/64 [poisoned by a killer bee]
  7717 | Lair:2   | HP: 60/64 [killer bee (4)]
  7721 | Lair:2   | Gained mutation: Your thick and shaggy fur keeps you warm.
                  | (AC +3, rC+) [Felid growth]
  7721 | Lair:2   | Reached XP level 12. HP: 68/68 MP: 13/13
  7742 | Lair:2   | HP: 64/68 [killer bee (4)]
  7748 | Lair:2   | HP: 67/68 [poisoned by a killer bee]
  7830 | Lair:2   | Noticed a six-headed hydra
  7833 | Lair:2   | Killed a six-headed hydra
  7870 | Lair:2   | HP: 62/68 [cane toad (6)]
  7875 | Lair:2   | HP: 61/68 [poisoned by a cane toad]
  7880 | Lair:2   | HP: 66/68 [poisoned by a cane toad]
  7946 | Lair:2   | Found a staircase to the Shoals.
  7971 | Lair:2   | HP: 64/69 [komodo dragon (5)]
  7978 | Lair:2   | HP: 67/69 [water moccasin (2)]
  7997 | Lair:2   | HP: 64/69 [cane toad (5)]
  8002 | Lair:2   | HP: 54/69 [poisoned by a cane toad]
  8007 | Lair:2   | HP: 57/69 [poisoned by a cane toad]
  8038 | Lair:2   | HP: 61/69 [steam dragon/ball of steam (8)]
  8069 | Lair:2   | HP: 54/69 [blink frog (15)]
  8082 | Lair:2   | Reached skill level 15 in Unarmed Combat
  8087 | Lair:2   | HP: 67/69 [black bear (1)]
  8115 | Lair:2   | HP: 56/69 [blink frog (13)]
  8121 | Lair:2   | HP: 51/69 [blink frog (13)]
  8124 | Lair:2   | Reached skill level 14 in Dodging
  8164 | Lair:2   | HP: 66/70 [wolf (4)]
  8250 | Lair:2   | Noticed a boulder beetle
  8263 | Lair:2   | HP: 58/70 [boulder beetle (12)]
  8269 | Lair:2   | Killed a boulder beetle
  8594 | Lair:3   | Noticed a death yak
  8603 | Lair:3   | Noticed a catoblepas
  8603 | Lair:3   | HP: 47/70 [death yak[a torpor snail] (23)]
  8605 | Lair:3   | Noticed a death yak
  8607 | Lair:3   | Killed a death yak
  8613 | Lair:3   | Reached skill level 1 in Shapeshifting
  8619 | Lair:3   | Killed a catoblepas
  8629 | Lair:3   | HP: 60/70 [death yak[a torpor snail] (10)]
  8636 | Lair:3   | Killed a death yak
  8722 | Lair:3   | HP: 49/70 [komodo dragon (21)]
  8840 | Lair:3   | HP: 67/70 [skyshark (3)]
  8903 | Lair:3   | HP: 62/70 [culicivora (8)]
  8909 | Lair:3   | HP: 50/70 [culicivora (20)]
  8913 | Lair:3   | Found a hole to the Spider Nest.
  8988 | Lair:3   | HP: 66/70 [water moccasin (4)]
  9026 | Lair:3   | Reached XP level 13. HP: 74/74 MP: 14/14
  9177 | Lair:4   | Noticed Rupert
  9182 | Lair:4   | Slimified Rupert
  9182 | Lair:4   | Rupert changed into Rupert the azure jelly
  9182 | Lair:4   | Noticed Rupert
  9184 | Lair:4   | HP: 69/74 [four-headed hydra (5)]
  9215 | Lair:4   | HP: 66/74 [yak (8)]
  9221 | Lair:4   | HP: 70/74 [yak (4)]
  9245 | Lair:4   | HP: 71/74 [elephant (3)]
  9252 | Lair:4   | HP: 61/74 [elephant (13)]
  9274 | Lair:4   | HP: 68/74 [wolf (5)]
  9283 | Lair:4   | Reached skill level 15 in Dodging
  9287 | Lair:4   | HP: 73/74 [wolf (1)]
  9324 | Lair:4   | HP: 73/74 [polar bear (1)]
  9424 | Lair:4   | Lost mutation: You are completely covered in iridescent
                  | scales. (AC +6) [Jiyva's grace]
  9424 | Lair:4   | Gained mutation: You are completely covered in iridescent
                  | scales. (AC +6) [Jiyva's grace]
  9424 | Lair:4   | Gained mutation: You are covered in slimy tendrils that may
                  | disarm your opponents. [Jiyva's grace]
  9424 | Lair:4   | Gained mutation: You have a pair of large horns on your
                  | head. [Jiyva's grace]
  9424 | Lair:4   | Gained mutation: You expend magic power (3 MP) to
                  | strengthen your wands. [Jiyva's grace]
  9442 | Lair:4   | Identified the blade talisman of Minor Irritation {rF+ rC+
                  | Int+2}
  9454 | Lair:4   | HP: 70/74 [water moccasin (4)]
  9557 | Lair:4   | HP: 71/74 [cane toad (3)]
  9925 | Lair:5   | Entered Level 5 of the Lair of Beasts
  9941 | Lair:5   | HP: 67/74 [yak (7)]
  9949 | Lair:5   | HP: 60/74 [yak (10)]
  9956 | Lair:5   | HP: 60/74 [five-headed hydra (4)]
  9972 | Lair:5   | HP: 65/74 [catoblepas/blast of calcifying dust (4)]
  9977 | Lair:5   | HP: 42/74 [catoblepas (6)]
  9984 | Lair:5   | HP: 27/74 [catoblepas (5)]
  9985 | Lair:5   | a catoblepas changed into an acid blob
  9985 | Lair:5   | Noticed an acid blob
 10011 | Lair:5   | HP: 73/74 [torpor snail (1)]
 10019 | Lair:5   | HP: 70/74 [torpor snail (4)]
 10047 | Lair:5   | HP: 69/74 [hornet (5)]
 10052 | Lair:5   | HP: 73/74 [poisoned by a hornet]
 10056 | Lair:5   | Paralysed by a hornet for 3 turns
 10057 | Lair:5   | HP: 64/74 [hornet (1)]
 10058 | Lair:5   | HP: 31/74 [hornet (3)]
 10061 | Lair:5   | HP: 14/74 [torpor snail (7)]
 10062 | Lair:5   | Killed from afar by a lindwurm
 10062 | Lair:5   | Lost a life (1 life remaining)
 10066 | Lair:5   | HP: 73/74 [poisoned by a swamp drake (noxious blast)]
 10082 | Lair:5   | HP: 50/74 [steam dragon/ball of steam (24)]
 10095 | Lair:5   | HP: 52/75 [swamp dragon/blast of poison (14)]
 10099 | Lair:5   | HP: 21/75 [poisoned by a swamp dragon (poison gas)]
 10104 | Lair:5   | HP: 30/75 [poisoned by a swamp dragon (poison gas)]
 10109 | Lair:5   | HP: 44/75 [poisoned by a swamp dragon (poison gas)]
 10117 | Lair:5   | HP: 51/75 [something] (4)]
 10122 | Lair:5   | HP: 36/75 [steam dragon] (4)]
 10138 | Lair:5   | Noticed a fire dragon
 10147 | Lair:5   | HP: 74/75 [fire dragon (1)]
 10148 | Lair:5   | Slimified a fire dragon
 10148 | Lair:5   | a fire dragon changed into an acid blob
 10148 | Lair:5   | Noticed an acid blob
 10164 | Lair:5   | HP: 62/75 [acid dragon/splash of acid (13)]
 10179 | Lair:5   | Got an earthy gem with 606 turns to spare
 10226 | Lair:5   | HP: 72/75 [komodo dragon (3)]
 10231 | Lair:5   | HP: 68/75 [elephant (7)]
 10239 | Lair:5   | Found a viscous altar of Jiyva.
 10239 | Lair:5   | Found a staircase to the Slime Pits.
 10247 | Lair:5   | HP: 61/75 [yak (14)]
 10255 | Lair:5   | HP: 49/75 [elephant (14)]
 10266 | Lair:5   | HP: 60/75 [yak (3)]
 10273 | Lair:5   | HP: 51/75 [yak (13)]
 10287 | Slime:1  | Entered Level 1 of the Pits of Slime
 10336 | Lair:5   | HP: 69/75 [komodo dragon (6)]
 10344 | Lair:5   | HP: 49/75 [komodo dragon (26)]
 10386 | Lair:5   | HP: 62/75 [komodo dragon (13)]
 10524 | Lair:5   | HP: 71/75 [basilisk (4)]
 10560 | Lair:5   | HP: 69/75 [elephant (6)]
 10565 | Lair:5   | HP: 60/75 [elephant (7)]
 10570 | Lair:5   | HP: 54/75 [elephant (7)]
 10582 | Lair:5   | HP: 47/75 [elephant (8)]
 10715 | Lair:5   | HP: 58/76 [komodo dragon (18)]
 10748 | Lair:5   | HP: 70/76 [electric eel/bolt of electricity (6)]
 10768 | Lair:5   | HP: 56/76 [death yak (20)]
 10776 | Lair:5   | HP: 46/76 [death yak (17)]
 10784 | Lair:5   | HP: 38/76 [death yak (16)]
 10790 | Lair:5   | Reached skill level 5 in Shapeshifting
 10790 | Lair:5   | HP: 31/76 [death yak (11)]
 10846 | Lair:5   | HP: 61/76 [basilisk (15)]
 11024 | Lair:5   | Reached XP level 14. HP: 81/81 MP: 15/15
 11024 | Lair:5   | Gained a life (2 lives remaining)
 11034 | Lair:5   | HP: 69/81 [lindwurm/blast of flame (12)]
 11041 | Lair:5   | HP: 68/81 [lindwurm (1)]
 11093 | Lair:5   | HP: 80/81 [lindwurm (1)]
 11104 | Lair:5   | HP: 66/81 [tyrant leech (15)]
 11120 | Lair:5   | HP: 77/81 [torpor snail (4)]
 11178 | Lair:5   | HP: 78/81 [fire dragon (3)]
 11223 | Lair:5   | Identified a scroll of acquirement
 11224 | Lair:5   | Acquired a manual of Shapeshifting
 11296 | Lair:5   | HP: 55/81 [tyrant leech (26)]
 11537 | D:11     | Found a staircase to the Orcish Mines.
 11542 | D:11     | HP: 69/81 [yak (12)]
 11554 | D:11     | HP: 55/81 [two-headed ogre/+0 giant club (26)]
 11606 | D:11     | HP: 64/81 [boulder beetle (17)]
 11633 | D:11     | Identified the +9 flail "Aparem" {heavy, rPois rN+}
 11636 | D:11     | HP: 71/81 [centaur warrior/+0 battleaxe (10)]
 11641 | D:11     | HP: 65/81 [centaur warrior/+0 battleaxe (6)]
 11644 | D:11     | Identified the +3 long sword "Sebolel" {freeze, ^Drain
                  | rElec rC+}
 11650 | D:11     | HP: 38/81 [deep elf archer/arrow (19)]
 11657 | D:11     | HP: 39/81 [orc knight (8)]
 11663 | D:11     | HP: 23/81 [orc knight (10)]
 11709 | D:11     | HP: 72/81 [red ugly thing (9)]
 11712 | D:11     | HP: 31/81 [red ugly thing (22)]
 11733 | D:11     | HP: 44/81 [two-headed ogre/+0 giant spiked club (21)]
 11737 | D:11     | Reached skill level 10 in Shapeshifting
 11803 | D:11     | Found a runed translucent gate.
 11806 | D:11     | Found a runed translucent gate.
 11807 | D:11     | Found a runed translucent gate.
 11809 | D:11     | Noticed CapUranus's ghost (journeyman HOFi)
 11818 | D:11     | HP: 80/81 [tengu warrior/+0 heavy battleaxe (1)]
 11823 | D:11     | HP: 65/81 [cyclops (7)]
 11839 | D:11     | HP: 80/81 [centaur/+0 dagger (1)]
 11845 | D:11     | HP: 57/81 [centaur warrior/+7 glaive of freezing (24)]
 11927 | D:11     | HP: 77/81 [tengu warrior/+0 great sword (4)]
 12258 | D:11     | HP: 58/81 [CapUranus's ghost (23)]
 12266 | D:11     | Killed CapUranus's ghost
 12567 | D:12     | Lost mutation: You have a pair of large horns on your head.
                  | [Jiyva's grace]
 12567 | D:12     | Lost mutation: You are completely covered in iridescent
                  | scales. (AC +6) [Jiyva's grace]
 12567 | D:12     | Lost mutation: Your translucent skin reduces your foes'
                  | accuracy. (Stealth+) [Jiyva's grace]
 12567 | D:12     | Lost mutation: Your translucent skin slightly reduces your
                  | foes' accuracy. (Stealth+) [Jiyva's grace]
 12567 | D:12     | Lost mutation: You are covered in slimy tendrils that may
                  | disarm your opponents. [Jiyva's grace]
 12567 | D:12     | Gained mutation: Your muscles are strong. (Str +4, Int/Dex
                  | -1) [Jiyva's grace]
 12567 | D:12     | Gained mutation: Your muscles are very strong. (Str +8,
                  | Int/Dex -2) [Jiyva's grace]
 12567 | D:12     | Gained mutation: Your translucent skin slightly reduces
                  | your foes' accuracy. (Stealth+) [Jiyva's grace]
 12567 | D:12     | Gained mutation: Your translucent skin reduces your foes'
                  | accuracy. (Stealth+) [Jiyva's grace]
 12585 | D:12     | Found a shimmering blue altar of Sif Muna.
 12589 | D:12     | HP: 78/81 [orc wizard/+0 dagger (3)]
 12683 | D:12     | Found Zuuzaif's Distillery.
 12688 | D:12     | Bought a potion of heal wounds for 65 gold pieces
 12688 | D:12     | Bought a potion of berserk rage for 65 gold pieces
 12688 | D:12     | Bought a potion of degeneration for 13 gold pieces
 12688 | D:12     | Bought a potion of cancellation for 104 gold pieces
 12705 | D:12     | HP: 79/81 [centaur warrior/+0 trident (2)]
 12943 | D:13     | HP: 46/81 [boulder beetle (35)]
 12951 | D:13     | HP: 28/81 [skeletal warrior/+0 halberd (29)]
 12996 | D:13     | HP: 73/81 [gargoyle/+0 mace (8)]
 13079 | D:13     | Noticed Sonja
 13094 | D:13     | Killed Sonja
 13132 | D:13     | HP: 56/81 [centaur warrior/arrow (25)]
 13396 | D:13     | Reached XP level 15. HP: 85/85 MP: 16/16
 13488 | D:13     | HP: 63/85 [vault guard/+0 great sword (22)]
 13547 | D:13     | Found a gate to the Vaults.
 13550 | D:13     | HP: 80/85 [vault guard/+1 long sword (5)]
 13556 | D:13     | HP: 72/85 [vault guard/+1 long sword (13)]
 13616 | D:13     | Learned a level 1 spell: Apportation
 13619 | D:13     | Learned a level 2 spell: Blink
 13912 | Slime:1  | Noticed a rockslime
 13923 | Slime:1  | Noticed an azure jelly
 14049 | Slime:4  | Noticed an acid blob
 14059 | Slime:4  | Noticed an azure jelly
 14093 | Slime:4  | Noticed an acid blob
 14115 | Slime:5  | Entered Level 5 of the Pits of Slime
 14115 | Slime:5  | Noticed an acid blob
 14136 | Slime:5  | Noticed an acid blob
 14187 | Slime:5  | Noticed an azure jelly
 14187 | Slime:5  | Noticed a rockslime
 14189 | Slime:5  | Noticed an azure jelly
 14204 | Slime:5  | Noticed an acid blob
 14243 | Slime:5  | Noticed an acid blob
 14265 | Slime:5  | Noticed an acid blob
 14265 | Slime:5  | Noticed a rockslime
 14269 | Slime:5  | Noticed an acid blob
 14271 | Slime:5  | Noticed an azure jelly
 14279 | Slime:5  | Noticed an acid blob
 14279 | Slime:5  | Noticed the Royal Jelly
 14284 | Slime:5  | Noticed an acid blob
 14287 | Slime:5  | Noticed an acid blob
 14290 | Slime:5  | Found a viscous altar of Jiyva.
 14293 | Slime:5  | Noticed an azure jelly
 14294 | Slime:5  | Noticed an acid blob
 14297 | Slime:5  | Found the +12 glaive of Prune {freeze, Prune}
 14304 | Slime:5  | Got Sif Muna's Precepts of Hexing Minerals
 14308 | Slime:5  | Got a slimy rune of Zot
 14310 | Slime:5  | Got a starry gem with 198 turns to spare
 14313 | Slime:5  | Got the Parchment of the Ghoulish Tundra
 14317 | Slime:5  | Identified the amulet of Fiwuss {rC++ Regen+}
 14326 | Slime:5  | Identified the staff of Innocence {rF+ rC+ Fire}
 14338 | Slime:5  | Identified the staff of the Bright God {Str+6 Conj Necro}
 14356 | Slime:5  | Identified the +6 war axe "Jyxko" {spect, rC+ Str-4 Dex+2}
 14404 | Slime:5  | Noticed a rockslime
 14422 | Slime:5  | Noticed Dissolution
 14637 | Slime:4  | Noticed an acid blob
 14657 | Slime:1  | Noticed an azure jelly
 14742 | Spider:1 | Entered Level 1 of the Spider Nest
 14744 | Spider:1 | HP: 63/85 [steelbarb worm (22)]
 14749 | Spider:1 | Reached skill level 1 in Translocations
 14777 | Spider:1 | HP: 77/85 [redback (8)]
 14875 | Spider:1 | HP: 80/85 [moth of wrath (5)]
 14895 | Spider:1 | HP: 39/85 [disintegration[a torpor snail] (46)]
 14948 | Spider:1 | HP: 78/85 [demonic crawler[a torpor snail] (7)]
 14958 | Spider:1 | HP: 77/85 [boulder beetle (5)]
 14965 | Spider:1 | HP: 62/85 [demonic crawler[a torpor snail] (11)]
 15010 | Spider:1 | Noticed Donald
 15027 | Spider:1 | HP: 67/85 [Donald/+3 heavy long sword (18)]
 15030 | Spider:1 | Killed Donald
 15079 | Spider:1 | HP: 70/85 [wolf spider[a torpor snail] (15)]
 15086 | Spider:1 | HP: 82/85 [wolf spider (3)]
 15096 | Spider:1 | HP: 79/85 [demonic crawler (6)]
 15305 | Spider:2 | Lost mutation: You have a pair of horns on your head.
                  | [Jiyva's grace]
 15305 | Spider:2 | Lost mutation: You are mostly covered in iridescent scales.
                  | (AC +4) [Jiyva's grace]
 15305 | Spider:2 | Lost mutation: You are partially covered in iridescent
                  | scales. (AC +2) [Jiyva's grace]
 15305 | Spider:2 | Lost mutation: Your muscles are very strong. (Str +8,
                  | Int/Dex -2) [Jiyva's grace]
 15305 | Spider:2 | Gained mutation: You are robust. (+10% HP) [Jiyva's grace]
 15305 | Spider:2 | Gained mutation: You are very robust. (+20% HP) [Jiyva's
                  | grace]
 15305 | Spider:2 | Gained mutation: You are extremely robust. (+30% HP)
                  | [Jiyva's grace]
 15305 | Spider:2 | Gained mutation: Your melee attacks may engulf your foes in
                  | ooze. [Jiyva's grace]
 15307 | Spider:2 | HP: 48/110 [disintegration (44)]
 15333 | Spider:2 | HP: 99/110 [jumping spider (11)]
 15373 | Spider:2 | HP: 94/110 [pharaoh ant (16)]
 15378 | Spider:2 | HP: 95/110 [jumping spider (2)]
 15383 | Spider:2 | HP: 82/110 [poisoned by a redback]
 15388 | Spider:2 | HP: 72/110 [poisoned by a redback]
 15393 | Spider:2 | HP: 49/110 [poisoned by a redback]
 15401 | Spider:2 | HP: 48/110 [jumping spider (2)]
 15404 | Spider:2 | HP: 23/110 [poisoned by a wolf spider]
 15409 | Spider:2 | HP: 19/110 [poisoned by a wolf spider]
 15414 | Spider:1 | HP: 28/110 [poisoned by a wolf spider]
 15509 | Spider:2 | HP: 95/110 [sun moth (15)]
 15514 | Spider:2 | HP: 75/110 [poisoned by a wolf spider]
 15519 | Spider:2 | HP: 75/110 [poisoned by a wolf spider]
 15524 | Spider:1 | HP: 68/110 [poisoned by a wolf spider]
 15543 | Spider:2 | HP: 106/110 [entropy weaver (4)]
 15550 | Spider:2 | HP: 108/110 [jumping spider (2)]
 15559 | Spider:2 | HP: 100/110 [jumping spider (10)]
 15586 | Spider:2 | HP: 87/110 [culicivora (23)]
 15591 | Spider:2 | HP: 89/110 [wolf spider (10)]
 15596 | Spider:2 | HP: 58/110 [poisoned by a wolf spider]
 15601 | Spider:2 | HP: 48/110 [poisoned by a wolf spider]
 15606 | Spider:2 | HP: 47/110 [poisoned by a wolf spider]
 15611 | Spider:2 | HP: 48/110 [poisoned by a wolf spider]
 15638 | Spider:2 | HP: 96/110 [demonic crawler (14)]
 15646 | Spider:2 | HP: 64/110 [wolf spider (13)]
 15652 | Spider:2 | HP: 56/110 [boulder beetle (20)]
 15664 | Spider:2 | HP: 81/110 [jumping spider (3)]
 15686 | Spider:2 | HP: 105/110 [redback (5)]
 15696 | Spider:2 | HP: 105/110 [jumping spider (5)]
 15713 | Spider:2 | HP: 105/110 [spark wasp (5)]
 15721 | Spider:2 | HP: 99/110 [redback (3)]
 15726 | Spider:2 | HP: 60/110 [poisoned by a redback]
 15731 | Spider:2 | HP: 57/110 [poisoned by a redback]
 15736 | Spider:2 | HP: 65/110 [poisoned by a redback]
 15746 | Spider:2 | HP: 81/110 [ghost moth (7)]
 15813 | Spider:2 | Noticed Roxanne
 15831 | Spider:2 | Killed Roxanne
 15954 | Spider:3 | HP: 100/110 [jumping spider (10)]
 15998 | Spider:3 | Noticed Nikola
 16003 | Spider:3 | Slimified Nikola
 16003 | Spider:3 | Nikola changed into Nikola the azure jelly
 16003 | Spider:3 | Noticed Nikola
 16038 | Spider:3 | HP: 106/110 [steelbarb worm (4)]
 16075 | Spider:3 | HP: 96/110 [tarantella[a broodmother] (14)]
 16081 | Spider:3 | Reached XP level 16. HP: 94/117 MP: 17/17
 16087 | Spider:3 | HP: 100/117 [redback (11)]
 16105 | Spider:3 | HP: 112/117 [emperor scorpion (5)]
 16110 | Spider:3 | HP: 95/117 [emperor scorpion (21)]
 16112 | Spider:3 | Reached skill level 5 in Translocations
 16115 | Spider:3 | HP: 76/117 [poisoned by an emperor scorpion]
 16120 | Spider:3 | HP: 79/117 [poisoned by an emperor scorpion]
 16125 | Spider:3 | HP: 87/117 [poisoned by an emperor scorpion]
 16137 | Spider:3 | HP: 87/117 [burnt (4)]
 16145 | Spider:3 | HP: 93/117 [redback (2)]
 16182 | Spider:3 | HP: 105/117 [emperor scorpion (12)]
 16187 | Spider:3 | HP: 113/117 [emperor scorpion (4)]
 16199 | Spider:3 | HP: 104/117 [radroach (13)]
 16237 | Spider:3 | Learned a level 4 spell: Manifold Assault
 16252 | Spider:3 | HP: 93/117 [culicivora[a broodmother] (24)]
 16264 | Spider:3 | HP: 95/118 [culicivora[a broodmother] (17)]
 16283 | Spider:3 | HP: 103/118 [entropy weaver (15)]
 16286 | Spider:3 | Noticed Arachne
 16289 | Spider:3 | HP: 96/118 [redback (14)]
 16294 | Spider:3 | HP: 52/118 [poisoned by Arachne]
 16295 | Spider:3 | Slimified Arachne
 16295 | Spider:3 | Arachne changed into Arachne the azure jelly
 16295 | Spider:3 | Noticed Arachne
 16299 | Spider:3 | HP: 49/118 [poisoned by Arachne]
 16304 | Spider:3 | HP: 39/118 [poisoned by Arachne]
 16306 | Spider:3 | HP: 16/118 [emperor scorpion (8)]
 16312 | Spider:3 | HP: 24/118 [emperor scorpion (6)]
 16441 | Spider:3 | HP: 108/118 [demonic crawler (10)]
 16443 | Spider:3 | Noticed Bai Suzhen
 16448 | Spider:3 | HP: 105/118 [Bai Suzhen/+0 quarterstaff (13)]
 16459 | Spider:3 | Killed Bai Suzhen
 16459 | Spider:3 | HP: 52/118 [something (17)]
 16590 | Spider:3 | HP: 106/118 [redback (12)]
 16595 | Spider:3 | HP: 83/118 [poisoned by a redback]
 16600 | Spider:3 | HP: 84/118 [poisoned by a redback]
 16605 | Spider:3 | HP: 91/118 [poisoned by a redback]
 16883 | Spider:4 | Entered Level 4 of the Spider Nest
 16891 | Spider:4 | HP: 107/118 [redback (11)]
 16903 | Spider:4 | Reached skill level 10 in Translocations
 16973 | Spider:4 | HP: 95/118 [radroach (23)]
 16975 | Spider:4 | Reached skill level 16 in Dodging
 16982 | Spider:4 | HP: 85/118 [pharaoh ant (29)]
 17016 | Spider:4 | HP: 111/118 [torpor snail (7)]
 17025 | Spider:4 | HP: 112/118 [tarantella[a torpor snail] (6)]
 17055 | Spider:4 | HP: 96/118 [wolf spider (22)]
 17073 | Spider:4 | HP: 113/118 [jumping spider (5)]
 17108 | Spider:4 | HP: 112/118 [redback (6)]
 17113 | Spider:4 | HP: 99/118 [redback (11)]
 17118 | Spider:4 | HP: 68/118 [poisoned by a redback]
 17123 | Spider:4 | HP: 48/118 [poisoned by a redback]
 17128 | Spider:4 | HP: 43/118 [poisoned by a redback]
 17133 | Spider:4 | HP: 45/118 [poisoned by a redback]
 17139 | Spider:4 | HP: 41/118 [poisoned by a redback]
 17154 | Spider:4 | HP: 59/118 [demonic crawler (16)]
 17278 | Spider:4 | HP: 109/118 [culicivora simulacrum (9)]
 17352 | Spider:4 | HP: 114/118 [culicivora (4)]
 17361 | Spider:4 | HP: 116/118 [entropy weaver (2)]
 17447 | Spider:4 | HP: 115/118 [demonic crawler[a torpor snail] (3)]
 17452 | Spider:4 | HP: 61/118 [torpor snail (15)]
 17458 | Spider:4 | Reached skill level 17 in Dodging
 17538 | Spider:4 | HP: 108/118 [sun moth (10)]
 17543 | Spider:4 | HP: 91/118 [burnt (2)]
 17589 | Spider:4 | HP: 96/118 [radroach (22)]
 17599 | Spider:4 | HP: 107/118 [redback (11)]
 17616 | Spider:4 | HP: 113/118 [entropy weaver (5)]
 17623 | Spider:4 | HP: 109/118 [tarantella (9)]
 17633 | Spider:4 | HP: 104/118 [culicivora[a broodmother] (14)]
 17652 | Spider:4 | HP: 65/118 [broodmother (38)]
 17659 | Spider:4 | HP: 47/118 [redback[a broodmother] (5)]
 17662 | Spider:4 | Reached skill level 18 in Dodging
 17664 | Spider:4 | HP: 27/118 [poisoned by a redback]
 17669 | Spider:4 | HP: 20/118 [poisoned by a redback]
 17674 | Spider:4 | HP: 26/118 [poisoned by a redback]
 17707 | Spider:4 | HP: 97/118 [culicivora (11)]
 17719 | Spider:4 | HP: 115/118 [ghost moth (3)]
 17737 | Spider:4 | HP: 92/118 [broodmother (26)]
 17743 | Spider:4 | HP: 81/118 [broodmother (23)]
 17749 | Spider:4 | HP: 44/118 [disintegration (47)]
 17793 | Spider:4 | HP: 110/118 [redback (8)]
 17808 | Spider:4 | HP: 112/118 [broodmother (6)]
 17810 | Spider:4 | Reached XP level 17. HP: 107/123 MP: 18/18
 17841 | Spider:4 | HP: 107/123 [meliai/divine providence (16)]
 17850 | Spider:4 | HP: 97/123 [jumping spider (16)]
 17852 | Spider:4 | HP: 27/123 [disintegration (35)]
 17859 | Spider:4 | Reached skill level 19 in Dodging
 17886 | Spider:4 | Got a gossamer rune of Zot
 17892 | Spider:4 | Identified the orb of Histrionic Miracles {*Rage, Ice}
 17929 | Spider:4 | HP: 113/123 [entropy weaver (10)]
 17934 | Spider:4 | HP: 90/123 [culicivora (15)]
 18365 | D:14     | Lost mutation: You are extremely robust. (+30% HP) [Jiyva's
                  | grace]
 18365 | D:14     | Gained mutation: Your body has grown eyes which may confuse
                  | attackers. (Acc +3) [Jiyva's grace]
 18365 | D:14     | Gained mutation: Your body has grown many eyes which may
                  | confuse attackers. (Acc +5) [Jiyva's grace]
 18365 | D:14     | Gained mutation: Your body is covered in eyes which may
                  | confuse attackers. (Acc +7, SInv) [Jiyva's grace]
 18365 | D:14     | Gained mutation: You are resistant to electric shocks.
                  | (rElec) [Jiyva's grace]
 18397 | D:14     | Found a glowing golden altar of the Shining One.
 18437 | D:14     | HP: 108/114 [manticore/volley of spikes (6)]
 18539 | D:14     | Found Focufouk's Self-Published Books.
 18590 | D:14     | HP: 112/114 [troll (2)]
 18783 | D:14     | Found a runed translucent door.
 18783 | D:14     | Noticed Laowois's ghost (journeyman MiBe)
 18927 | D:14     | Found a transporter.
 18932 | D:14     | Found a corrupted altar of Lugonu.
 19291 | D:15     | Entered Level 15 of the Dungeon
 19294 | D:15     | HP: 96/114 [occultist/fireball (18)]
 19299 | D:15     | HP: 102/114 [occultist/+0 dagger (6)]
 19314 | D:15     | HP: 108/114 [tengu warrior/+1 vampiric long sword (6)]
 19335 | D:15     | HP: 99/114 [deep troll (15)]
 19344 | D:15     | HP: 83/114 [orc warrior/+0 battleaxe[an orc knight] (19)]
 19349 | D:14     | HP: 88/114 [orc warrior/+0 battleaxe[an orc knight] (8)]
 19364 | D:15     | HP: 110/114 [yak (shapeshifter) (4)]
 19370 | D:14     | Reached skill level 20 in Dodging
 19380 | D:15     | HP: 94/114 [orc warrior/+0 glaive[an orc knight] (20)]
 19385 | D:15     | HP: 90/114 [stone giant (12)]
 19495 | D:15     | HP: 96/114 [skeletal warrior/+0 glaive (18)]
 19511 | D:15     | HP: 103/114 [skeletal warrior/+0 trident (11)]
 19575 | D:15     | Found a staircase to the Depths.
 19766 | D:15     | Lost mutation: You are very robust. (+20% HP) [Jiyva's
                  | grace]
 19766 | D:15     | Lost mutation: You are resistant to electric shocks.
                  | (rElec) [Jiyva's grace]
 19766 | D:15     | Lost mutation: Your muscles are strong. (Str +4, Int/Dex
                  | -1) [Jiyva's grace]
 19766 | D:15     | Lost mutation: Your melee attacks may engulf your foes in
                  | ooze. [Jiyva's grace]
 19766 | D:15     | Gained mutation: You have very sharp fingernails. [Jiyva's
                  | grace]
 19766 | D:15     | Gained mutation: You have claws for hands. [Jiyva's grace]
 19766 | D:15     | Gained mutation: You are partially covered in iridescent
                  | scales. (AC +2) [Jiyva's grace]
 19766 | D:15     | Gained mutation: You are mostly covered in iridescent
                  | scales. (AC +4) [Jiyva's grace]
 20270 | Shoals:1 | Entered Level 1 of the Shoals
 20272 | Shoals:1 | HP: 116/124 [manticore (8)]
 20286 | Shoals:1 | HP: 106/124 [merfolk siren/+0 scimitar (18)]
 20317 | Shoals:1 | HP: 107/124 [merfolk/+0 trident (17)]
 20332 | Shoals:1 | Found Gisiruy's Antique Armour Boutique.
 20361 | Shoals:1 | HP: 119/124 [skyshark (5)]
 20409 | Shoals:1 | HP: 115/124 [faun/sling bullet (9)]
 20460 | Shoals:1 | HP: 113/124 [merfolk/+0 trident (11)]
 20560 | Shoals:1 | HP: 115/124 [sea snake (9)]
 20624 | Shoals:1 | HP: 115/124 [skyshark (9)]
 20653 | Shoals:1 | HP: 120/124 [faun/sling bullet (4)]
 20660 | Shoals:1 | HP: 117/124 [faun/sling bullet (7)]
 20967 | Shoals:2 | HP: 113/124 [wind drake/the air (11)]
 21004 | Shoals:2 | HP: 123/126 [snapping turtle (3)]
 21010 | Shoals:2 | HP: 91/126 [merfolk/+0 trident (11)]
 21015 | Shoals:2 | HP: 89/126 [drowned soul[a merfolk avatar] (1)]
 21021 | Shoals:2 | HP: 72/126 [drowned by a drowned soul[a merfolk avatar]
                  | (16)]
 21041 | Shoals:2 | HP: 99/126 [merfolk/+0 trident (11)]
 21130 | Shoals:2 | HP: 109/127 [merfolk/+0 trident (18)]
 21220 | Shoals:2 | HP: 112/127 [skyshark (15)]
 21246 | Shoals:2 | HP: 107/128 [faun/+0 quarterstaff (21)]
 21259 | Shoals:2 | HP: 118/128 [merfolk/+0 trident (10)]
 21437 | Shoals:2 | HP: 125/128 [faun/sling bullet (3)]
 21673 | Shoals:3 | HP: 114/128 [merfolk/+2 antimagic trident[a merfolk
                  | aquamancer] (14)]
 21738 | Shoals:3 | Noticed a kraken
 21783 | Shoals:3 | HP: 124/129 [harpy (4)]
 21879 | Shoals:3 | HP: 116/131 [merfolk impaler/+4 trident of venom (15)]
 21884 | Shoals:3 | HP: 116/131 [poisoned by a merfolk impaler]
 21889 | Shoals:3 | HP: 124/131 [poisoned by a merfolk impaler]
 21895 | Shoals:3 | Found Zaurches's Antique Armour Shop.
 21905 | Shoals:3 | HP: 117/131 [faun/sling bullet[a satyr] (14)]
 21910 | Shoals:3 | HP: 105/131 [faun/sling bullet[a satyr] (9)]
 21929 | Shoals:3 | Lost mutation: Your body is covered in eyes which may
                  | confuse attackers. (Acc +7, SInv) [Jiyva's grace]
 21929 | Shoals:3 | Lost mutation: Your body has grown many eyes which may
                  | confuse attackers. (Acc +5) [Jiyva's grace]
 21929 | Shoals:3 | Gained mutation: You have a pair of horns on your head.
                  | [Jiyva's grace]
 21929 | Shoals:3 | Gained mutation: You have a pair of large horns on your
                  | head. [Jiyva's grace]
 21929 | Shoals:3 | Gained mutation: You have acidic saliva. [Jiyva's grace]
 21929 | Shoals:3 | Gained mutation: Your melee attacks may engulf your foes in
                  | ooze. [Jiyva's grace]
 21953 | Shoals:3 | HP: 121/132 [sea snake (11)]
 21959 | Shoals:3 | HP: 122/132 [centaur warrior (5)]
 22125 | Shoals:3 | HP: 119/132 [sea snake (13)]
 22325 | Shoals:4 | Entered Level 4 of the Shoals
 22353 | Shoals:4 | HP: 120/133 [merfolk/+2 heavy trident (13)]
 22398 | Shoals:4 | HP: 121/133 [sea snake (12)]
 22447 | Shoals:4 | HP: 117/133 [merfolk javelineer/javelin (16)]
 22457 | Shoals:4 | HP: 111/134 [merfolk/boomerang (10)]
 22464 | Shoals:4 | HP: 121/134 [merfolk/+0 trident (4)]
 22469 | Shoals:4 | HP: 92/134 [water nymph/the raging water (17)]
 22474 | Shoals:4 | HP: 40/134 [water nymph/the raging water (21)]
 22482 | Shoals:4 | HP: 40/135 [merfolk javelineer/silver javelin (22)]
 22483 | Shoals:4 | HP: 14/135 [merfolk javelineer/silver javelin (13)]
 22483 | Shoals:4 | HP: 5/135 [merfolk javelineer/silver javelin (9)]
 22490 | Shoals:4 | HP: 49/136 [cherub/arrow (2)]
 22493 | Shoals:4 | HP: 18/136 [cherub/+4 scimitar of flaming (14)]
 22494 | Shoals:4 | HP: 1/136 [merfolk javelineer/silver javelin (8)]
 22494 | Shoals:4 | Shot with an arrow by a cherub
 22494 | Shoals:4 | Lost a life (1 life remaining)
 22501 | Shoals:4 | HP: 117/136 [faun/sling bullet[a satyr] (19)]
 22521 | Shoals:4 | HP: 119/136 [merfolk impaler/+1 trident of freezing (17)]
 22526 | Shoals:4 | HP: 96/136 [cherub/arrow (12)]
 22549 | Shoals:4 | HP: 112/136 [merfolk impaler/+0 trident of flaming (24)]
 22556 | Shoals:4 | HP: 99/137 [cherub/arrow (2)]
 22574 | Shoals:4 | HP: 127/137 [cherub/arrow (10)]
 22578 | Shoals:4 | Reached XP level 18. HP: 101/112 MP: 6/19
 22578 | Shoals:4 | Gained a life (2 lives remaining)
 22581 | Shoals:4 | Reached skill level 15 in Translocations
 22581 | Shoals:4 | HP: 93/143 [cherub/+4 scimitar of flaming (18)]
 22586 | Shoals:4 | HP: 49/143 [cherub/+4 scimitar of flaming (25)]
 22591 | Shoals:4 | HP: 46/143 [cherub/+4 scimitar of flaming (5)]
 22597 | Shoals:4 | HP: 27/143 [merfolk/+0 trident of flaming (5)]
 22640 | Shoals:4 | HP: 137/143 [merfolk/+0 trident of flaming (6)]
 22649 | Shoals:4 | HP: 108/144 [alligator snapping turtle (36)]
 22665 | Shoals:4 | Found a white marble altar of Elyvilon.
 22700 | Shoals:4 | HP: 130/144 [merfolk javelineer/javelin (14)]
 22707 | Shoals:4 | HP: 134/144 [merfolk javelineer/javelin (10)]
 22740 | Shoals:4 | HP: 132/144 [merfolk javelineer/silver javelin (12)]
 22765 | Shoals:4 | HP: 131/144 [faun/+0 spear[a satyr] (13)]
 22780 | Shoals:4 | Found a glowing golden altar of the Shining One.
 22781 | Shoals:4 | HP: 134/144 [daeva/divine providence (10)]
 22790 | Shoals:4 | HP: 136/144 [merfolk impaler/+1 trident of flaming (8)]
 22797 | Shoals:4 | HP: 83/145 [daeva/divine providence (12)]
 22802 | Shoals:4 | HP: 87/145 [daeva/+2 long sword of holy wrath (1)]
 22807 | Shoals:4 | HP: 53/145 [daeva/divine providence (8)]
 22813 | Shoals:4 | HP: 39/145 [daeva/+2 long sword of holy wrath (1)]
 22866 | Shoals:4 | Got a barnacled rune of Zot
 22892 | Shoals:4 | HP: 136/145 [yak (9)]
 22917 | Shoals:4 | HP: 135/146 [merfolk javelineer/silver javelin (11)]
 23004 | Shoals:4 | HP: 131/147 [merfolk impaler/+2 trident of freezing (16)]
 23064 | Shoals:4 | Found a glowing silver altar of Zin.
 23077 | Shoals:4 | Got the Teachings on the Undead Geologist
 23493 | Depths:1 | Entered Level 1 of the Depths
 23502 | Depths:1 | HP: 97/113 [fire dragon/blast of flame (16)]
 23620 | Depths:1 | HP: 94/113 [stone giant skeleton[a necromancer] (19)]
 23628 | Depths:1 | HP: 97/113 [golden dragon skeleton[a necromancer] (11)]
 23653 | Depths:1 | HP: 102/113 [rakshasa/lance of force (11)]
 23758 | Depths:1 | HP: 95/113 [fire dragon/blast of flame (18)]
 23778 | Depths:1 | Reached skill level 15 in Fighting
 23778 | Depths:1 | HP: 101/114 [deep troll earth mage (13)]
 23792 | Depths:1 | HP: 93/114 [deep troll (21)]
 23793 | Depths:1 | Reached skill level 15 in Shapeshifting
 23856 | Depths:1 | HP: 100/114 [sphinx/divine providence (14)]
 23862 | Depths:1 | HP: 82/114 [sphinx/divine providence (16)]
 23953 | Depths:1 | HP: 89/114 [fire giant/+0 great sword of flaming (25)]
 23995 | Depths:1 | HP: 88/114 [spriggan defender/boomerang (26)]
 24000 | Depths:1 | HP: 69/114 [spriggan defender/+0 flail (28)]
 24006 | Depths:1 | HP: 74/114 [tengu warrior/boomerang (8)]
 24010 | Depths:1 | Found an iron altar of Okawaru.
 24025 | Depths:1 | Found a one-way gateway to a ziggurat.
 24099 | Depths:1 | HP: 100/114 [green very ugly thing (14)]
 24106 | Depths:1 | HP: 98/114 [green very ugly thing (14)]
 24111 | Depths:1 | HP: 60/114 [poisoned by a green very ugly thing]
 24116 | Depths:1 | HP: 45/114 [poisoned by a green very ugly thing]
 24121 | Depths:1 | HP: 42/114 [poisoned by a green very ugly thing]
 24126 | Depths:1 | HP: 49/114 [poisoned by a green very ugly thing]
 24370 | Depths:1 | Found a gateway to Hell.
 24454 | Depths:2 | Noticed Vv
 24456 | Depths:2 | HP: 78/114 [fire giant/+1 great sword of flaming (36)]
 24465 | Depths:2 | HP: 61/114 [Vv (20)]
 24519 | Depths:2 | HP: 110/114 [tengu reaver skeleton[a necromancer] (4)]
 24524 | Depths:2 | HP: 109/114 [spriggan berserker zombie[a necromancer] (5)]
 24529 | Depths:2 | HP: 71/114 [spriggan rider/+0 spear (22)]
 24533 | Depths:2 | HP: 35/114 [spriggan rider/+0 spear (6)]
 24538 | Depths:2 | HP: 14/114 [spriggan rider/+0 spear (24)]
 24549 | Depths:3 | HP: 32/114 [stone giant/large rock (9)]
 24666 | Depths:2 | HP: 98/114 [spriggan berserker zombie[a necromancer] (16)]
 24677 | Depths:2 | Found Ziarpheo's CLEARANCE SALE!.
 24681 | Depths:2 | HP: 103/114 [spriggan rider/+0 spear (11)]
 24690 | Depths:2 | Bought 2 potions of curing for 18 gold pieces
 24715 | Depths:2 | Identified the amulet "Ikleukle" {Acrobat ^Contam rPois
                  | Str+5 Int+2}
 24721 | Depths:2 | Reached skill level 1 in Stealth
 24740 | Depths:2 | HP: 101/114 [red very ugly thing (12)]
 24752 | Depths:2 | HP: 87/114 [spriggan rider/+0 spear (27)]
 24912 | Depths:2 | HP: 73/114 [ettin/+0 dire flail (41)]
 24981 | Depths:2 | Found a one-way gate leading to the halls of Pandemonium.
 25056 | Depths:2 | Lost mutation: You have claws for hands. [Jiyva's grace]
 25056 | Depths:2 | Lost mutation: You have very sharp fingernails. [Jiyva's
                  | grace]
 25056 | Depths:2 | Lost mutation: You have a pair of large horns on your head.
                  | [Jiyva's grace]
 25056 | Depths:2 | Lost mutation: You are robust. (+10% HP) [Jiyva's grace]
 25056 | Depths:2 | Lost mutation: Your translucent skin reduces your foes'
                  | accuracy. (Stealth+) [Jiyva's grace]
 25056 | Depths:2 | Gained mutation: Your muscles are strong. (Str +4, Int/Dex
                  | -1) [Jiyva's grace]
 25056 | Depths:2 | Gained mutation: Your muscles are very strong. (Str +8,
                  | Int/Dex -2) [Jiyva's grace]
 25056 | Depths:2 | Gained mutation: You passively map a small area around you.
                  | [Jiyva's grace]
 25056 | Depths:2 | Gained mutation: You passively map the area around you.
                  | [Jiyva's grace]
 25069 | Depths:2 | HP: 96/104 [Vv/creeping frost (8)]
 25072 | Depths:2 | HP: 34/104 [Vv (20)]
 25079 | Depths:2 | Killed Vv
 25085 | Depths:2 | Found Huodghib's Assorted Antiques.
 25092 | Depths:2 | Bought a scroll of acquirement for 1508 gold pieces
 25092 | Depths:2 | Acquired a manual of Stealth
 25161 | Depths:3 | HP: 92/104 [green ugly thing (12)]
 25163 | Depths:3 | Reached skill level 5 in Stealth
 25172 | Depths:2 | Reached XP level 19. HP: 64/108 MP: 20/20
 25225 | Depths:3 | HP: 86/108 [ettin/+1 dire flail of pain (22)]
 25236 | Depths:2 | HP: 63/108 [red very ugly thing (15)]
 25366 | Depths:3 | HP: 100/108 [green ugly thing (8)]
 25432 | Depths:3 | Noticed Margery
 25455 | Depths:3 | HP: 83/108 [searing wretch[Margery] (25)]
 25460 | Depths:3 | HP: 63/108 [Margery/+3 demon blade (29)]
 25465 | Depths:3 | Killed Margery
 25467 | Depths:3 | HP: 47/108 [hell knight/bolt of fire[Margery] (11)]
 25475 | Depths:3 | HP: 47/108 [hell knight/+0 long sword[Margery] (18)]
 25480 | Depths:3 | HP: 28/108 [hell knight/+5 demon trident of
                  | flaming[Margery] (14)]
 25522 | Depths:3 | HP: 96/108 [deep troll shaman (12)]
 25546 | Depths:3 | HP: 103/108 [deep troll (2)]
 25548 | Depths:3 | Reached skill level 10 in Stealth
 25566 | Depths:3 | HP: 104/108 [deep troll (4)]
 25602 | Depths:3 | Noticed Sojobo
 25625 | Depths:3 | Killed Sojobo
 25627 | Depths:3 | HP: 56/100 [tengu reaver/bolt of negative energy[Sojobo]
                  | (44)]
 25632 | Depths:3 | HP: 26/102 [tengu reaver/+0 halberd[Sojobo] (31)]
 25710 | Depths:3 | Found a runed translucent door.
 25711 | Depths:3 | Noticed Qonatetz's ghost (adept DsGl)
 25803 | Depths:3 | Found a corrupted altar of Lugonu.
 25803 | Depths:3 | Found a one-way gate to the infinite horrors of the Abyss.
 25827 | Depths:3 | Found a sparkling altar of Nemelex Xobeh.
 25864 | Depths:3 | HP: 67/104 [ettin/+1 dire flail of protection (37)]
 25865 | Depths:3 | HP: 16/104 [ettin/+1 dire flail of protection (52)]
 25950 | Depths:3 | HP: 98/106 [tengu reaver/+0 halberd[Sojobo] (8)]
 25955 | Depths:3 | HP: 98/108 [rakshasa/+0 trident (10)]
 25960 | Depths:3 | HP: 65/108 [something (3)]
 26028 | Depths:3 | Noticed a golden dragon
 26031 | Depths:3 | Killed a golden dragon
 26201 | Depths:4 | Entered Level 4 of the Depths
 26218 | Depths:4 | HP: 100/108 [storm dragon (8)]
 26229 | Depths:4 | HP: 101/108 [steelbarb worm (glowing shapeshifter) (7)]
 26239 | Depths:4 | HP: 99/108 [vampire knight/vampiric draining (9)]
 26247 | Depths:4 | Found a gate to the Realm of Zot.
 26247 | Depths:4 | Noticed a bone dragon
 26254 | Depths:4 | HP: 95/108 [yellow draconian/glob of acid (13)]
 26262 | Depths:4 | HP: 101/108 [bone dragon (7)]
 26269 | Depths:4 | HP: 103/108 [bone dragon (5)]
 26271 | Depths:4 | Killed a bone dragon
 26275 | Depths:4 | HP: 94/108 [ice dragon/blast of cold (8)]
 26280 | Depths:4 | HP: 84/108 [yellow draconian/glob of acid (9)]
 26293 | Depths:4 | Got a midnight gem with 459 turns to spare
 26392 | Depths:4 | HP: 103/108 [occultist/fireball (5)]
 26426 | Depths:4 | HP: 55/108 [???[a deep elf demonologist] (53)]
 26442 | Depths:4 | HP: 77/108 [storm dragon (19)]
 26468 | Depths:4 | HP: 89/108 [tengu reaver/bolt of acid (19)]
 26474 | Depths:4 | HP: 98/108 [tengu reaver/+1 dire flail of protection (4)]
 26488 | Depths:4 | HP: 75/103 [shadow dragon/bolt of negative energy (28)]
 26511 | Depths:4 | Noticed a golden dragon
 26518 | Depths:4 | Killed a golden dragon
 26563 | Depths:4 | HP: 103/108 [fire dragon/blast of flame (5)]
 26627 | Depths:4 | Found a portal to a secret trove of treasure.
 26734 | Depths:4 | HP: 84/108 [red draconian/searing blast (24)]
 26756 | Depths:4 | HP: 80/108 [hell knight/+5 heavy long sword (28)]
 26819 | Depths:4 | Found Tiyhaos's Book Shoppe.
 26820 | Depths:4 | Found Qunow's Jewellery Shop.
 26821 | Depths:4 | Found Ofaaq's Book Shoppe.
 26865 | Depths:4 | HP: 90/108 [purple very ugly thing (18)]
 26954 | Depths:4 | Identified the orb of Happiness {light, ^Contam rN+ Str+2
                  | Slay+2}
 26954 | Depths:4 | Noticed Frederick
 26955 | Depths:4 | HP: 54/108 [Frederick/iron shot (54)]
 26957 | Depths:4 | Slimified Frederick
 26957 | Depths:4 | Frederick changed into Frederick the azure jelly
 26957 | Depths:4 | Noticed Frederick
 26990 | Depths:4 | HP: 106/108 [tengu reaver zombie (2)]
 26997 | Depths:4 | Found an ancient bone altar of Kikubaaqudgha.
 27112 | Depths:4 | HP: 77/108 [red draconian scorcher/damnation (31)]
 27124 | Depths:4 | HP: 78/108 [ettin/+0 dire flail (26)]
 27413 | Depths:3 | HP: 101/108 [ettin/+0 dire flail (7)]
 27481 | Depths:3 | Killed Qonatetz's ghost
 27512 | Depths:2 | Bought 3 scrolls of teleportation for 261 gold pieces
 27625 | Depths:4 | You paid a toll of 13 scrolls of teleportation to enter a
                  | treasure trove
 27626 | Trove    | Entered a treasure trove
 27654 | Trove    | Got Sif Muna's Excursus on Discontinuous Heat
 27670 | Trove    | Got Sif Muna's Verses on Feculent Assembling
 27674 | Trove    | Lost mutation: Your muscles are very strong. (Str +8,
                  | Int/Dex -2) [Jiyva's grace]
 27674 | Trove    | Lost mutation: You expend magic power (3 MP) to strengthen
                  | your wands. [Jiyva's grace]
 27674 | Trove    | Gained mutation: Your body has grown many eyes which may
                  | confuse attackers. (Acc +5) [Jiyva's grace]
 27674 | Trove    | Gained mutation: Your body is covered in eyes which may
                  | confuse attackers. (Acc +7, SInv) [Jiyva's grace]
 27674 | Trove    | Gained mutation: Your flesh is heat resistant. (rF+)
                  | [Jiyva's grace]
 27674 | Trove    | Gained mutation: Your flesh is very heat resistant. (rF++)
                  | [Jiyva's grace]
 27931 | Orc:1    | Entered Level 1 of the Orcish Mines
 28236 | Orc:2    | Entered Level 2 of the Orcish Mines
 28354 | Orc:2    | Found a dark tunnel.
 28433 | Volcano  | Entered a volcano
 28471 | Volcano  | HP: 157/162 [lava snake/glob of lava (5)]
 28476 | Volcano  | HP: 160/162 [lava snake/glob of lava (2)]
 28491 | Volcano  | HP: 160/162 [fire bat (2)]
 28581 | Volcano  | HP: 160/162 [hell knight/bolt of fire (2)]
 28611 | Volcano  | Found a burning altar of Makhleb.
 28691 | Orc:2    | Found a staircase to the Elven Halls.
 28762 | Orc:2    | HP: 104/108 [orc/+0 short sword (4)]
 28780 | Orc:2    | HP: 103/108 [orc/+0 trident (5)]
 28800 | Orc:2    | HP: 100/108 [orc priest/divine providence (8)]
 28815 | Orc:2    | HP: 95/108 [orc priest/divine providence (13)]
 28820 | Orc:2    | HP: 100/108 [orc high priest/+0 long sword (5)]
 28997 | Orc:2    | HP: 104/108 [spore (4)]
 28997 | Orc:2    | Was placed under penance by Jiyva
 28998 | Orc:2    | Reached XP level 20. HP: 70/113 MP: 21/21
 29003 | Orc:2    | HP: 67/113 [spore (4)]
 29019 | Orc:2    | HP: 72/113 [orc priest/divine providence (12)]
 29040 | Orc:2    | HP: 70/113 [orc high priest/divine providence (12)]
 29049 | Orc:2    | HP: 67/113 [orc high priest/+2 halberd of flaming (11)]
 29063 | Orc:2    | Found Meargh's Distillery.
 29066 | Orc:2    | Found Sicias's Armour Emporium.
 29067 | Orc:2    | Found Xaphosmu's Antique Weapon Shoppe.
 29068 | Orc:2    | Found Wamn's Weapon Shoppe.
 29170 | Orc:1    | HP: 108/113 [orc warrior/+0 war axe (5)]
 29182 | Orc:1    | HP: 88/113 [orc warlord/+2 battleaxe (17)]
 29199 | Orc:1    | HP: 88/113 [kobold blastminer/+0 club (2)]
 29334 | Orc:2    | Bought a potion of heal wounds for 90 gold pieces
 29334 | Orc:2    | Bought 2 potions of heal wounds for 180 gold pieces
 29334 | Orc:2    | Bought a potion of heal wounds for 90 gold pieces
 29334 | Orc:2    | Bought a potion of might for 72 gold pieces
 29334 | Orc:2    | Bought a potion of might for 72 gold pieces
 29396 | Elf:1    | Entered Level 1 of the Elven Halls
 29405 | Elf:1    | HP: 88/113 [deep elf zephyrmancer/bolt of lightning (25)]
 29411 | Elf:1    | HP: 87/113 [deep elf pyromancer/bolt of fire (6)]
 29435 | Elf:1    | Was forgiven by Jiyva
 29469 | Elf:1    | Found a crumbling gateway.
 29491 | Desolati | Entered the Desolation of Salt
 29557 | Desolati | HP: 106/113 [ragged hierophant/a resonance strike (7)]
 29570 | Desolati | HP: 92/113 [ragged hierophant/a resonance strike (10)]
 29696 | Desolati | HP: 98/113 [ragged hierophant/a resonance strike (15)]
 29701 | Desolati | HP: 83/113 [saltling (9)]
 29709 | Desolati | HP: 33/113 [ragged hierophant/a resonance strike (30)]
 29712 | Desolati | HP: 14/113 [ragged hierophant/a resonance strike (25)]
 29717 | Desolati | HP: 27/113 [saltling (10)]
 29723 | Desolati | HP: 36/113 [ragged hierophant/a resonance strike (8)]
 29726 | Desolati | HP: 3/106 [halazid warlock/bolt of negative energy (41)]
 29790 | Desolati | HP: 101/110 [halazid warlock (9)]
 29810 | Desolati | Identified the staff "Lowuw" {rC+ rN++ Int-5 Ice}
 29814 | Desolati | Got the Omnibus of Impulse
 29862 | Desolati | HP: 102/113 [saltling (11)]
 29867 | Desolati | HP: 95/113 [saltling (9)]
 29884 | Desolati | HP: 104/113 [ragged hierophant/a resonance strike (9)]
 29912 | Desolati | HP: 106/113 [saltling (7)]
 29913 | Desolati | HP: 34/101 [halazid warlock/ghostly fireball (67)]
 29924 | Desolati | HP: 35/99 [+2 short sword of draining[a halazid warlock]
                  | (6)]
 29948 | Desolati | Lost mutation: You passively map the area around you.
                  | [Jiyva's grace]
 29948 | Desolati | Lost mutation: You passively map a small area around you.
                  | [Jiyva's grace]
 29948 | Desolati | Gained mutation: You have a somewhat thin skeletal
                  | structure. (Dex +2, Stealth+) [Jiyva's grace]
 29948 | Desolati | Gained mutation: You have a moderately thin skeletal
                  | structure. (Dex +4, Stealth++) [Jiyva's grace]
 29948 | Desolati | Gained mutation: You have an unnaturally thin skeletal
                  | structure. (Dex +6, Stealth+++) [Jiyva's grace]
 29948 | Desolati | Gained mutation: Your natural rate of healing is unusually
                  | fast. [Jiyva's grace]
 29980 | Desolati | Identified the ring "Yntaodi" {Fire rN+ Slay+2 Stlth+}
 29993 | Desolati | Got Toub's Secrets of the Twisted Fjord
 30073 | Desolati | Identified the amulet of Dutel {Spirit -Cast rCorr Dex+3}
 30073 | Desolati | HP: 102/110 [ragged hierophant/a resonance strike (8)]
 30285 | Elf:1    | HP: 99/113 [deep elf knight/+0 long sword (14)]
 30302 | Elf:1    | HP: 101/113 [deep elf knight/+0 long sword (12)]
 30308 | Elf:1    | HP: 99/113 [deep elf archer/arrow (14)]
 30333 | Elf:1    | Found Nefac's General Store.
 30441 | Elf:1    | HP: 108/113 [poisoned by a death drake (dark miasma)]
 30446 | Elf:1    | HP: 82/113 [burnt (2)]
 30451 | Elf:1    | HP: 77/113 [burnt (2)]
 30455 | Elf:1    | Got the Annotations on the Anticline
 30457 | Elf:1    | HP: 90/113 [burnt (1)]
 30466 | Elf:1    | Got Sif Muna's Opusculum on Twisted Conduction
 30497 | Elf:1    | HP: 99/113 [deep elf knight/+0 long sword (14)]
 30604 | Elf:1    | Learned a level 6 spell: Dispersal
 30607 | Elf:1    | HP: 97/113 [+0 long sword of draining (16)]
 30614 | Elf:1    | Learned a level 4 spell: Vhi's Electric Charge
 30623 | Elf:1    | HP: 97/110 [deep elf archer/arrow (13)]
 30629 | Elf:1    | HP: 106/111 [deep elf pyromancer/+0 short sword (5)]
 30790 | Elf:1    | HP: 100/113 [deep elf knight/+0 long sword (13)]
 30791 | Elf:1    | Paralysed by an air elemental for 1 turns
 30795 | Elf:1    | HP: 98/113 [air elemental/stunning burst (5)]
 30802 | Elf:1    | HP: 101/113 [deep elf archer/arrow (12)]
 30920 | Elf:1    | HP: 87/113 [deep elf knight/shard of ice (26)]
 31023 | Elf:1    | HP: 107/113 [deep elf pyromancer/+0 rapier (6)]
 31178 | Elf:2    | HP: 77/113 [earth elemental (36)]
 31282 | Elf:2    | HP: 99/113 [deep elf archer/arrow (14)]
 31334 | Elf:2    | HP: 110/113 [+0 glaive of venom (3)]
 31428 | Elf:2    | HP: 104/113 [+0 falchion (9)]
 31433 | Elf:2    | Lost mutation: You have a pair of horns on your head.
                  | [Jiyva's grace]
 31433 | Elf:2    | Lost mutation: You have an unnaturally thin skeletal
                  | structure. (Dex +6, Stealth+++) [Jiyva's grace]
 31433 | Elf:2    | Lost mutation: Your flesh is very heat resistant. (rF++)
                  | [Jiyva's grace]
 31433 | Elf:2    | Lost mutation: Your body is covered in eyes which may
                  | confuse attackers. (Acc +7, SInv) [Jiyva's grace]
 31433 | Elf:2    | Lost mutation: Your melee attacks may engulf your foes in
                  | ooze. [Jiyva's grace]
 31433 | Elf:2    | Gained mutation: Your spells are a little harder to cast,
                  | but a little more powerful. [Jiyva's grace]
 31433 | Elf:2    | Gained mutation: Your spells are harder to cast, but more
                  | powerful. [Jiyva's grace]
 31433 | Elf:2    | Gained mutation: Your spells are much harder to cast, but
                  | much more powerful. [Jiyva's grace]
 31433 | Elf:2    | Gained mutation: You have an unnaturally thin skeletal
                  | structure. (Dex +6, Stealth+++) [Jiyva's grace]
 31437 | Elf:2    | Found a runed translucent gate.
 31437 | Elf:2    | Found a runed translucent gate.
 31437 | Elf:2    | Found a runed translucent gate.
 31491 | Elf:3    | Entered Level 3 of the Elven Halls
 31558 | Elf:3    | HP: 101/113 [deep elf knight/+0 long sword (12)]
 31563 | Elf:3    | HP: 78/113 [deep elf knight/lance of force (16)]
 31656 | Elf:3    | HP: 98/113 [deep elf knight/shard of ice (15)]
 31685 | Elf:3    | HP: 110/113 [fire dragon (3)]
 31694 | Elf:3    | HP: 98/113 [manticore (4)]
 31702 | Elf:3    | Reached XP level 21. HP: 117/117 MP: 22/22
 31713 | Elf:3    | HP: 106/117 [manticore (11)]
 31719 | Elf:3    | HP: 101/117 [seven-headed hydra (6)]
 31728 | Elf:3    | HP: 79/117 [sphinx/divine providence (16)]
 31738 | Elf:3    | HP: 85/117 [manticore (17)]
 31813 | Elf:3    | Paralysed by an air elemental for 1 turns
 31813 | Elf:3    | HP: 109/117 [air elemental/stunning burst (8)]
 31815 | Elf:3    | Paralysed by an air elemental for 1 turns
 31821 | Elf:3    | HP: 107/117 [orc sorcerer/bolt of fire (7)]
 31826 | Elf:3    | HP: 111/117 [fire elemental[a deep elf pyromancer] (4)]
 31894 | Elf:3    | Found Quut Debb's Antique Weapon Shop.
 32074 | Elf:3    | Identified the ring of Harmony {rC+ rN++ Int+3}
 32080 | Elf:3    | HP: 93/117 [deep elf blademaster/+0 rapier (24)]
 32083 | Elf:3    | Identified the +5 great sword "Rodghono" {heavy, rF- Will++
                  | Int+2 SInv}
 32083 | Elf:3    | Identified the ring of Feas {rC+ Int+5}
 32087 | Elf:3    | HP: 48/117 [spore (16)]
 32111 | Elf:3    | HP: 101/117 [deep elf master archer/arrow (16)]
 32120 | Elf:3    | HP: 108/117 [something] (1)]
 32176 | Elf:3    | HP: 85/117 [deep elf master archer/stone (32)]
 32238 | Elf:3    | HP: 107/117 [deep elf elementalist/fireball (10)]
 32252 | Elf:3    | HP: 93/117 [balrug/divine providence[a deep elf
                  | demonologist] (9)]
 32257 | Elf:3    | HP: 101/117 [balrug/fireball[a deep elf demonologist] (10)]
 32262 | Elf:3    | HP: 111/117 [burnt (3)]
 32304 | Elf:3    | Identified the +6 long sword of the Crushed Knives {flame,
                  | rF+}
 32324 | Elf:3    | HP: 105/117 [ghostly deep elf death mage/the +6 long sword
                  | of the Crushed Knives {flame, rF+} (12)]
 32345 | Elf:3    | HP: 87/117 [deep elf sorcerer/damnation (30)]
 32462 | Elf:3    | HP: 114/117 [fire elemental (3)]
 32499 | Elf:3    | Identified the +0 pair of gloves of the Undertaker {rPois
                  | rF++ Dex+5}
 32508 | Elf:3    | HP: 114/117 [deep elf annihilator/+0 rapier (3)]
 32533 | Elf:3    | Got Vehumet's Exposition on Violence
 32544 | Elf:3    | Identified the +0 chain mail "Heaq" {rN+}
 32777 | Vaults:1 | Entered Level 1 of the Vaults
 32787 | Vaults:1 | HP: 108/117 [deep troll[an ironbound preserver] (9)]
 32801 | Vaults:1 | HP: 107/117 [deep troll[an ironbound preserver] (10)]
 32807 | Vaults:1 | HP: 101/117 [deep troll[an ironbound preserver] (13)]
 32843 | Vaults:1 | HP: 113/117 [entropy weaver (4)]
 32898 | Vaults:1 | HP: 111/117 [vault warden/+4 great sword of holy wrath (6)]
 32905 | Vaults:1 | HP: 93/117 [ironbound frostheart/creeping frost[a boggart]
                  | (5)]
 32920 | Vaults:1 | HP: 105/117 [deep troll[a boggart] (12)]
 32988 | Vaults:1 | HP: 107/117 [entropy weaver (10)]
 33045 | Vaults:1 | HP: 97/117 [yaktaur captain/bolt (20)]
 33218 | Vaults:1 | Lost mutation: You have an unnaturally thin skeletal
                  | structure. (Dex +6, Stealth+++) [Jiyva's grace]
 33218 | Vaults:1 | Lost mutation: Your flesh is heat resistant. (rF+) [Jiyva's
                  | grace]
 33218 | Vaults:1 | Lost mutation: Your natural rate of healing is unusually
                  | fast. [Jiyva's grace]
 33218 | Vaults:1 | Lost mutation: Your spells are much harder to cast, but
                  | much more powerful. [Jiyva's grace]
 33218 | Vaults:1 | Lost mutation: You have acidic saliva. [Jiyva's grace]
 33218 | Vaults:1 | Lost mutation: Your translucent skin slightly reduces your
                  | foes' accuracy. (Stealth+) [Jiyva's grace]
 33218 | Vaults:1 | Gained mutation: Your muscles are very strong. (Str +8,
                  | Int/Dex -2) [Jiyva's grace]
 33218 | Vaults:1 | Gained mutation: You have a small jelly attached to you
                  | that may absorb projectiles. [Jiyva's grace]
 33218 | Vaults:1 | Gained mutation: Your melee attacks may engulf your foes in
                  | ooze. [Jiyva's grace]
 33218 | Vaults:1 | Gained mutation: You have acidic saliva. [Jiyva's grace]
 33386 | Vaults:1 | HP: 99/117 [vault sentinel/+3 morningstar (18)]
 33461 | Vaults:1 | HP: 98/117 [centaur warrior/arrow (19)]
 33468 | Vaults:1 | HP: 91/117 [centaur warrior (2)]
 33658 | Vaults:1 | You fall into a shaft and drop 1 floor!
 33722 | Vaults:2 | HP: 67/117 [ironbound thunderhulk/bolt of lightning (50)]
 34073 | Vaults:1 | HP: 106/117 [vault guard/+0 halberd[a vault warden] (11)]
 34082 | Vaults:1 | HP: 89/117 [vault guard/+3 bardiche[a vault warden] (28)]
 34182 | Vaults:2 | Found a staircase to the Crypt.
 34235 | Vaults:2 | HP: 101/113 [vault guard/+0 great mace[a vault warden]
                  | (12)]
 34373 | Vaults:2 | HP: 98/114 [peacekeeper (16)]
 34470 | Vaults:2 | Lost mutation: Your spells are harder to cast, but more
                  | powerful. [Jiyva's grace]
 34470 | Vaults:2 | Lost mutation: Your body has grown many eyes which may
                  | confuse attackers. (Acc +5) [Jiyva's grace]
 34470 | Vaults:2 | Gained mutation: Armour fits poorly on your pseudopods.
                  | [Jiyva's grace]
 34470 | Vaults:2 | Gained mutation: Armour fits poorly on your large
                  | pseudopods. [Jiyva's grace]
 34470 | Vaults:2 | Gained mutation: Armour fits poorly on your massive
                  | pseudopods. [Jiyva's grace]
 34470 | Vaults:2 | Gained mutation: You possess an exceptional clarity of
                  | mind. [Jiyva's grace]
 34548 | Vaults:2 | HP: 102/115 [yaktaur/bolt[a yaktaur captain] (13)]
 34685 | Vaults:2 | HP: 99/116 [yaktaur/bolt[a yaktaur captain] (17)]
 34742 | Vaults:2 | HP: 114/116 [entropy weaver (2)]
 34909 | Vaults:2 | Found Vaathrat's General Store.
 34917 | Vaults:2 | Bought a potion of haste for 150 gold pieces
 34962 | Vaults:2 | HP: 102/117 [lindwurm/blast of flame (15)]
 35081 | Vaults:3 | HP: 97/117 [ironbound thunderhulk/bolt of lightning (20)]
 35097 | Vaults:3 | HP: 102/117 [deep troll[an ironbound preserver] (15)]
 35101 | Vaults:3 | Reached XP level 22. HP: 111/122 MP: 23/23
 35104 | Vaults:3 | HP: 111/122 [deep troll[an ironbound preserver] (9)]
 35188 | Vaults:3 | HP: 116/122 [deep troll[an ironbound preserver] (6)]
 35197 | Vaults:3 | HP: 117/122 [deep troll[an ironbound preserver] (5)]
 35216 | Vaults:3 | Noticed Boris
 35222 | Vaults:3 | Killed Boris
 35304 | Vaults:3 | HP: 117/123 [vault warden/+0 great sword (6)]
 35309 | Vaults:3 | HP: 117/123 [vault warden/+2 battleaxe of electrocution
                  | (6)]
 35420 | Vaults:3 | HP: 112/123 [deep troll[an ironbound preserver] (11)]
 35429 | Vaults:3 | HP: 113/123 [deep troll[an ironbound preserver] (10)]
 35445 | Vaults:3 | Noticed Jory
 35445 | Vaults:3 | HP: 118/123 [ironbound frostheart/creeping frost[a vault
                  | warden] (5)]
 35451 | Vaults:3 | HP: 88/123 [Jory/+2 glaive of venom (35)]
 35456 | Vaults:3 | HP: 88/123 [Jory/+2 glaive of venom (7)]
 35460 | Vaults:3 | Killed Jory
 35466 | Vaults:3 | Found a magical portal.
 35477 | WizLab   | Entered Doroklohe's Tomb
 35700 | WizLab   | Found the +1 robe of Vines {NoPotionHeal Regen++++}
 35700 | WizLab   | Noticed an ancient lich
 35701 | WizLab   | HP: 108/123 [mummy priest/divine providence (15)]
 35705 | WizLab   | Killed an ancient lich
 35709 | WizLab   | HP: 119/123 [spriggan air mage zombie (1)]
 35719 | WizLab   | HP: 61/123 [??? (59)]
 35728 | WizLab   | HP: 82/123 [golden dragon zombie (1)]
 35730 | WizLab   | Reached skill level 21 in Dodging
 35955 | Vaults:3 | Lost mutation: You are mostly covered in iridescent scales.
                  | (AC +4) [Jiyva's grace]
 35955 | Vaults:3 | Lost mutation: You possess an exceptional clarity of mind.
                  | [Jiyva's grace]
 35955 | Vaults:3 | Lost mutation: Armour fits poorly on your massive
                  | pseudopods. [Jiyva's grace]
 35955 | Vaults:3 | Lost mutation: Your melee attacks may engulf your foes in
                  | ooze. [Jiyva's grace]
 35955 | Vaults:3 | Gained mutation: Your system is resistant to poisons.
                  | (rPois) [Jiyva's grace]
 35955 | Vaults:3 | Gained mutation: You expend magic power (3 MP) to
                  | strengthen your wands. [Jiyva's grace]
 35955 | Vaults:3 | Gained mutation: Your translucent skin slightly reduces
                  | your foes' accuracy. (Stealth+) [Jiyva's grace]
 35955 | Vaults:3 | Gained mutation: Your translucent skin reduces your foes'
                  | accuracy. (Stealth+) [Jiyva's grace]
 36292 | Vaults:4 | HP: 111/124 [deep troll[an ironbound preserver] (13)]
 36304 | Vaults:4 | HP: 111/124 [vault guard/+0 bardiche[a vault warden] (13)]
 36311 | Vaults:4 | HP: 101/124 [vault guard/+0 bardiche[a vault warden] (23)]
 36350 | Vaults:4 | HP: 111/124 [sphinx/divine providence (13)]
 36358 | Vaults:4 | HP: 80/124 [sphinx (12)]
 36366 | Vaults:4 | Reached skill level 15 in Stealth
 36462 | Vaults:4 | HP: 106/124 [yaktaur/bolt[a vault warden] (18)]
 36473 | Vaults:4 | HP: 98/124 [yaktaur/bolt[a vault warden] (26)]
 36479 | Vaults:4 | HP: 106/124 [yaktaur/bolt[a vault warden] (3)]
 36484 | Vaults:4 | HP: 109/124 [ironbound preserver/+2 great mace of
                  | protection (7)]
 36511 | Vaults:4 | Noticed Norris
 36518 | Vaults:4 | HP: 111/125 [Norris/+0 demon trident (14)]
 36522 | Vaults:4 | Killed Norris
 36602 | Vaults:4 | HP: 112/125 [war gargoyle/spray of metal splinters[a
                  | peacekeeper] (13)]
 36746 | Vaults:4 | HP: 100/125 [yaktaur/bolt[a vault warden] (25)]
 37091 | Vaults:5 | Entered Level 5 of the Vaults
 37094 | Vaults:5 | HP: 118/126 [vault guard/+0 battleaxe (8)]
 37104 | Vaults:5 | HP: 117/126 [vault guard/+0 great mace (8)]
 37112 | Vaults:5 | HP: 107/126 [vault guard/+0 glaive (19)]
 37116 | Vaults:5 | Reached skill level 22 in Dodging
 37118 | Vaults:5 | HP: 76/126 [deep troll[an ironbound preserver] (30)]
 37125 | Vaults:5 | HP: 73/126 [vault guard/+0 glaive (13)]
 37131 | Vaults:5 | HP: 60/126 [vault guard/+0 great mace (9)]
 37137 | Vaults:5 | Reached XP level 23. HP: 37/130 MP: 24/24
 37137 | Vaults:5 | HP: 37/130 [vault guard/+0 halberd (3)]
 37150 | Vaults:5 | HP: 51/130 [vault guard/+0 halberd (1)]
 37194 | Vaults:5 | HP: 118/130 [fire giant/fireball (12)]
 37234 | Vaults:5 | HP: 105/130 [deep troll earth mage/blast of metal fragments
                  | (25)]
 37240 | Vaults:5 | HP: 106/130 [deep troll earth mage/blast of metal fragments
                  | (9)]
 37282 | Vaults:5 | Noticed Mara
 37292 | Vaults:5 | Killed Mara
 37298 | Vaults:5 | HP: 116/130 [golden dragon/bolt of cold (14)]
 37324 | Vaults:5 | HP: 106/131 [vault warden/+0 battleaxe (25)]
 37357 | Vaults:5 | HP: 127/131 [tengu reaver/+2 broad axe of pain (4)]
 37363 | Vaults:5 | HP: 128/131 [deep elf demonologist/+0 flail (3)]
 37394 | Vaults:5 | HP: 113/131 [titan/the air (18)]
 37399 | Vaults:5 | HP: 89/131 [titan (33)]
 37434 | Vaults:5 | Got a silver rune of Zot
 37601 | Vaults:5 | Reached skill level 23 in Dodging
 37618 | Vaults:5 | HP: 122/131 [sphinx/divine providence (9)]
 37657 | Vaults:5 | Identified the ring "Noebatic" {rPois Will- Str+6 Int+3
                  | Dex+6}
 37664 | Vaults:5 | HP: 117/132 [titan/the air (15)]
 37673 | Vaults:5 | HP: 92/132 [yaktaur captain/bolt (40)]
 37684 | Vaults:5 | HP: 78/132 [titan/the air (27)]
 37697 | Vaults:5 | HP: 77/133 [titan/the air (5)]
 37764 | Vaults:5 | HP: 131/133 [storm dragon (2)]
 37782 | Vaults:5 | HP: 125/133 [golden dragon (8)]
 37798 | Vaults:5 | HP: 113/133 [yaktaur captain/stone (20)]
 37844 | Vaults:5 | Lost mutation: You have a moderately thin skeletal
                  | structure. (Dex +4, Stealth++) [Jiyva's grace]
 37844 | Vaults:5 | Lost mutation: Your muscles are very strong. (Str +8,
                  | Int/Dex -2) [Jiyva's grace]
 37844 | Vaults:5 | Lost mutation: You have acidic saliva. [Jiyva's grace]
 37844 | Vaults:5 | Lost mutation: Armour fits poorly on your large pseudopods.
                  | [Jiyva's grace]
 37844 | Vaults:5 | Lost mutation: You expend magic power (3 MP) to strengthen
                  | your wands. [Jiyva's grace]
 37844 | Vaults:5 | Gained mutation: You are covered in slimy tendrils that may
                  | disarm your opponents. [Jiyva's grace]
 37844 | Vaults:5 | Gained mutation: Your transparent skin significantly
                  | reduces your foes' accuracy. (Stealth+) [Jiyva's grace]
 37844 | Vaults:5 | Gained mutation: Your rubbery body absorbs attacks. (AC +1,
                  | EV +1) [Jiyva's grace]
 37844 | Vaults:5 | Gained mutation: Your pliable body absorbs attacks. (AC +2,
                  | EV +2) [Jiyva's grace]
 37964 | Vaults:5 | Found the +2 shield of Resistance {rF++ rC++ Will++}
 37985 | Vaults:5 | Identified the staff of Ohuostre {rPois Dex+5 Conj Alchemy}
 38202 | Crypt:1  | Entered Level 1 of the Crypt
 38214 | Crypt:1  | HP: 124/133 [jiangshi (9)]
 38305 | Crypt:1  | Noticed Saint Roka
 38308 | Crypt:1  | HP: 116/133 [Saint Roka/divine providence (17)]
 38313 | Crypt:1  | HP: 110/133 [Saint Roka/divine providence (16)]
 38318 | Crypt:1  | HP: 105/133 [Saint Roka/divine providence (13)]
 38322 | Crypt:1  | HP: 42/133 [Saint Roka/+1 antimagic great sword (33)]
 38325 | Crypt:1  | Killed Saint Roka
 38360 | Crypt:1  | Noticed Boris
 38372 | Crypt:1  | Killed Boris
 38439 | Crypt:1  | Found a runed translucent gate.
 38439 | Crypt:1  | Found an ancient bone altar of Kikubaaqudgha.
 38441 | Crypt:1  | Noticed Esecs's ghost (veteran GrEE)
 38441 | Crypt:1  | Noticed Heot Zafel's ghost (veteran MiGl)
 38443 | Crypt:1  | Noticed a dread lich
 38444 | Crypt:1  | Noticed Roocroe's ghost (veteran MiGl)
 38445 | Crypt:1  | Found a runed translucent gate.
 38445 | Crypt:1  | Found a runed translucent gate.
 38445 | Crypt:1  | Noticed a dread lich
 38447 | Crypt:1  | HP: 104/133 [phantasmal warrior[a vampire knight] (29)]
 38478 | Crypt:2  | HP: 130/133 [laughing skull (3)]
 38633 | Crypt:3  | Entered Level 3 of the Crypt
 38643 | Crypt:3  | HP: 126/133 [skeletal warrior/+0 trident[an ancient
                  | champion] (7)]
 38650 | Crypt:3  | Noticed Boris
 38655 | Crypt:3  | HP: 85/133 [Boris/iron shot (48)]
 38667 | Crypt:3  | Killed Boris
 38668 | Crypt:3  | HP: 97/134 [laughing skull (7)]
 38674 | Crypt:3  | Reached skill level 24 in Dodging
 38683 | Crypt:3  | HP: 106/134 [skeletal warrior/+0 trident[an ancient
                  | champion] (3)]
 38699 | Crypt:3  | HP: 120/134 [revenant] (3)]
 38864 | Crypt:3  | Found a staircase to the Tomb.
 38884 | Crypt:3  | HP: 68/134 [torment (66)]
 38891 | Crypt:3  | Reached XP level 24. HP: 82/139 MP: 24/24
 38907 | Crypt:3  | HP: 119/139 [grey draconian zombie (4)]
 38991 | Crypt:3  | HP: 128/139 [something (11)]
 39015 | Crypt:3  | HP: 131/139 [twister/vortex[a Zot trap] (8)]
 39032 | Crypt:3  | HP: 131/139 [skeletal warrior/+0 glaive (8)]
 39038 | Crypt:3  | HP: 134/139 [skeletal warrior/+0 glaive (5)]
 39048 | Crypt:3  | HP: 121/139 [skeletal warrior/+0 glaive (18)]
 39056 | Crypt:3  | HP: 114/140 [skeletal warrior/+0 glaive (21)]
 39098 | Crypt:3  | Acquired 952 gold pieces
 39112 | Crypt:3  | Found an ancient bone altar of Kikubaaqudgha.
 39141 | Crypt:3  | HP: 132/140 [lich (8)]
 39149 | Crypt:3  | HP: 129/140 [skeletal warrior/+0 glaive (11)]
 39255 | Crypt:3  | HP: 134/140 [laughing skull (6)]
 39256 | Crypt:3  | Noticed a dread lich
 39273 | Crypt:3  | Killed a dread lich
 39278 | Crypt:3  | Identified the ring of Liruu {rElec rF+ rN+}
 39278 | Crypt:3  | Identified the ring of Wori {rN+ Str-2 Int+2 SInv}
 39278 | Crypt:3  | Identified the ring "Xoicinkuhu" {rN+ Str+4 Dex+5 Stlth-}
 39282 | Crypt:3  | Got an ivory gem with 837 turns to spare
 39304 | Crypt:3  | Identified the staff "Ele Zusunk" {rF+ rN+ rCorr Int+4
                  | Necro}
 39444 | Crypt:3  | HP: 123/140 [skeletal warrior/+0 long sword (17)]
 39490 | Crypt:3  | Reached skill level 25 in Dodging
 39626 | Crypt:3  | HP: 123/140 [disintegration (17)]
 40047 | Zot:1    | Entered Level 1 of the Realm of Zot
 40077 | Zot:1    | Lost mutation: You are partially covered in iridescent
                  | scales. (AC +2) [Jiyva's grace]
 40077 | Zot:1    | Lost mutation: You have a somewhat thin skeletal structure.
                  | (Dex +2, Stealth+) [Jiyva's grace]
 40077 | Zot:1    | Lost mutation: Your system is resistant to poisons. (rPois)
                  | [Jiyva's grace]
 40077 | Zot:1    | Lost mutation: Your spells are a little harder to cast, but
                  | a little more powerful. [Jiyva's grace]
 40077 | Zot:1    | Lost mutation: Your body has grown eyes which may confuse
                  | attackers. (Acc +3) [Jiyva's grace]
 40077 | Zot:1    | Gained mutation: You expend magic power (3 MP) to
                  | strengthen your wands. [Jiyva's grace]
 40077 | Zot:1    | Gained mutation: You have a somewhat thin skeletal
                  | structure. (Dex +2, Stealth+) [Jiyva's grace]
 40077 | Zot:1    | Gained mutation: You have a moderately thin skeletal
                  | structure. (Dex +4, Stealth++) [Jiyva's grace]
 40077 | Zot:1    | Gained mutation: You have an unnaturally thin skeletal
                  | structure. (Dex +6, Stealth+++) [Jiyva's grace]
 40093 | Zot:2    | HP: 112/141 [purple draconian shifter/bolt of dispelling
                  | energy (29)]
 40100 | Zot:2    | HP: 110/141 [white draconian stormcaller/divine
                  | providence[a purple draconian shifter] (11)]
 40172 | Zot:1    | HP: 128/141 [green draconian monk[a yellow draconian
                  | annihilator] (13)]
 40208 | Zot:1    | HP: 136/141 [electric golem (5)]
 40213 | Zot:1    | HP: 132/141 [electric golem (9)]
 40286 | Zot:1    | HP: 133/141 [purple draconian/+2 antimagic mace (8)]
 40292 | Zot:1    | HP: 137/141 [green draconian monk (4)]
 40371 | Zot:1    | HP: 134/141 [yellow draconian/glob of acid (7)]
 40385 | Zot:1    | HP: 126/141 [tentacled monstrosity (15)]
 40398 | Zot:1    | HP: 128/142 [tentacled monstrosity (6)]
 40427 | Zot:1    | HP: 120/142 [golden dragon/bolt of fire (22)]
 40432 | Zot:1    | HP: 122/142 [golden dragon (10)]
 40646 | Zot:1    | HP: 140/142 [green draconian monk (2)]
 41081 | Zot:2    | Found the +6 lightning scales {swift, rElec}
 41114 | Zot:2    | HP: 120/142 [red draconian/+0 halberd[a white draconian
                  | stormcaller] (22)]
 41121 | Zot:2    | HP: 127/142 [green draconian monk[a white draconian
                  | stormcaller] (4)]
 41129 | Zot:2    | HP: 119/142 [green draconian monk[a white draconian
                  | stormcaller] (20)]
 41145 | Zot:2    | Found the +4 dragonskin cloak
 41145 | Zot:2    | Noticed Tiamat
 41150 | Zot:2    | HP: 99/142 [Tiamat/+2 bardiche of venom (43)]
 41155 | Zot:2    | HP: 100/142 [broodmother[a protean progenitor] (6)]
 41161 | Zot:2    | HP: 80/142 [Tiamat/+2 bardiche of venom (7)]
 41170 | Zot:2    | HP: 63/142 [Tiamat/+2 bardiche of venom (17)]
 41178 | Zot:2    | Killed Tiamat
 41284 | Zot:3    | HP: 130/142 [golden dragon/bolt of fire (12)]
 41289 | Zot:3    | HP: 136/142 [white draconian/+0 halberd (4)]
 41295 | Zot:3    | HP: 132/142 [golden dragon (10)]
 41413 | Zot:3    | HP: 134/142 [white draconian/blast of cold (8)]
 41419 | Zot:3    | HP: 137/142 [yellow draconian annihilator/glob of acid (5)]
 41424 | Zot:3    | HP: 134/142 [black draconian/+0 trident (8)]
 41434 | Zot:3    | Reached XP level 25. HP: 148/148 MP: 24/24
 41589 | Zot:3    | HP: 107/148 [protean progenitor (41)]
 41596 | Zot:3    | HP: 95/148 [protean progenitor (16)]
 41699 | Zot:3    | HP: 143/148 [protean progenitor (5)]
 41788 | Zot:3    | Noticed a Killer Klown
 41795 | Zot:3    | Killed a Killer Klown
 41849 | Zot:3    | Identified the ring of Ireo {Ice rPois rN+ Will++ Str+2}
 41849 | Zot:3    | Noticed Josephina
 41849 | Zot:3    | You are sucked into a shaft and drop 1 floor!
 41911 | Zot:4    | Acquired a manual of Alchemy
 42052 | Zot:4    | Lost mutation: You have an unnaturally thin skeletal
                  | structure. (Dex +6, Stealth+++) [Jiyva's grace]
 42052 | Zot:4    | Lost mutation: Your pliable body absorbs attacks. (AC +2,
                  | EV +2) [Jiyva's grace]
 42052 | Zot:4    | Lost mutation: You are covered in slimy tendrils that may
                  | disarm your opponents. [Jiyva's grace]
 42052 | Zot:4    | Gained mutation: Your spells are a little harder to cast,
                  | but a little more powerful. [Jiyva's grace]
 42052 | Zot:4    | Gained mutation: Your spells are harder to cast, but more
                  | powerful. [Jiyva's grace]
 42052 | Zot:4    | Gained mutation: Your spells are much harder to cast, but
                  | much more powerful. [Jiyva's grace]
 42052 | Zot:4    | Gained mutation: Your flesh is cold resistant. (rC+)
                  | [Jiyva's grace]
 42108 | Zot:4    | HP: 146/148 [broodmother[a protean progenitor] (2)]
 42113 | Zot:4    | Reached skill level 26 in Dodging
 42138 | Zot:4    | Noticed an orb of fire
 42139 | Zot:4    | Noticed an orb of fire
 42197 | Zot:5    | Entered Level 5 of the Realm of Zot
 42285 | Zot:5    | HP: 136/148 [green draconian monk[a black draconian knight]
                  | (12)]
 42381 | Zot:5    | Found a runed translucent gate.
 42383 | Zot:5    | Found a runed translucent gate.
 42383 | Zot:5    | Found a runed translucent gate.
 42383 | Zot:5    | Noticed Cyqimiab's ghost (legendary MfGl)
 42475 | Zot:5    | HP: 147/149 [tentacled monstrosity (2)]
 42479 | Zot:5    | Noticed an ancient lich
 42482 | Zot:5    | Noticed an orb of fire
 42488 | Zot:5    | HP: 129/149 [Orb Guardian (20)]
 42497 | Zot:5    | Killed an ancient lich
 42500 | Zot:5    | HP: 85/149 [orb of fire/fireball (14)]
 42501 | Zot:5    | Gained mutation: You occasionally lose the ability to drink
                  | potions when taking damage. [an orb of fire]
 42505 | Zot:5    | HP: 45/149 [orb of fire/fireball (3)]
 42510 | Zot:5    | Gained mutation: You do not regenerate when monsters are
                  | visible. [an orb of fire]
 42514 | Zot:5    | Killed an orb of fire
 42550 | Zot:5    | Noticed a Killer Klown
 42561 | Zot:5    | HP: 134/149 [white draconian stormcaller/divine providence
                  | (10)]
 42567 | Zot:5    | HP: 131/149 [white draconian stormcaller/divine providence
                  | (10)]
 42571 | Zot:5    | Killed a Killer Klown
 42573 | Zot:5    | Noticed a dread lich
 42589 | Zot:5    | HP: 144/149 [acid[a white draconian stormcaller] (5)]
 42590 | Zot:5    | Killed a dread lich
 42592 | Zot:5    | Noticed a Killer Klown
 42599 | Zot:5    | Killed a Killer Klown
 42604 | Zot:5    | HP: 147/149 [green draconian monk[a white draconian
                  | stormcaller] (2)]
 42621 | Zot:5    | HP: 118/149 [Orb Guardian (31)]
 42628 | Zot:5    | HP: 121/149 [Orb Guardian (6)]
 42639 | Zot:5    | HP: 111/149 [Orb Guardian (31)]
 42644 | Zot:5    | HP: 76/149 [protean progenitor (40)]
 42669 | Zot:5    | HP: 101/149 [Orb Guardian (12)]
 42677 | Zot:5    | HP: 67/149 [Orb Guardian (28)]
 42677 | Zot:5    | Noticed a Killer Klown
 42679 | Zot:5    | Noticed a Killer Klown
 42683 | Zot:5    | Noticed an orb of fire
 42684 | Zot:5    | Got the Orb of Zot
 42684 | Zot:5    | Noticed an orb of fire
 42686 | Zot:5    | Gained mutation: You are frail. (-10% HP) [an orb of fire]
 42686 | Zot:5    | HP: 71/134 [orb of fire/bolt of fire (9)]
 42690 | Zot:5    | Noticed Warair the pandemonium lord
 42690 | Zot:5    | Noticed an ancient lich
 42693 | Zot:5    | HP: 58/134 [green draconian monk (11)]
 42702 | Zot:5    | HP: 33/134 [yellow draconian annihilator/glob of acid[a
                  | white draconian stormcaller] (9)]
 42708 | Zot:5    | HP: 9/134 [green draconian monk (20)]
 42708 | Zot:5    | Killed from afar by a white draconian stormcaller
 42708 | Zot:5    | Lost a life (1 life remaining)
 42760 | Zot:5    | HP: 118/134 [golden dragon (16)]
 42779 | Zot:3    | Noticed an orb of fire
 42779 | Zot:3    | Noticed a Killer Klown
 42780 | Zot:3    | HP: 125/134 [storm dragon (9)]
 42785 | Zot:4    | HP: 127/134 [storm dragon (4)]
 42788 | Zot:4    | Killed an orb of fire
 42807 | Zot:4    | Noticed Riun the pandemonium lord
 42815 | Zot:4    | HP: 128/135 [Riun the pandemonium lord (7)]
 42822 | Zot:4    | HP: 94/135 [Riun the pandemonium lord (17)]
 42824 | Zot:4    | Killed Riun the pandemonium lord
 42855 | Zot:4    | HP: 76/135 [??? (59)]
 42866 | Zot:4    | Noticed Bora the pandemonium lord
 42903 | Zot:2    | HP: 96/135 [red draconian scorcher/damnation[a green
                  | draconian monk] (39)]
 43048 | Depths:3 | HP: 125/135 [demonspawn warmonger/+4 demon blade of venom
                  | (10)]
 43266 | D:8      | Noticed Boris
 43271 | D:8      | HP: 79/135 [disintegration (56)]
 43272 | D:8      | Killed Boris
 43435 | D:$      | Escaped with the Orb!

Illustrated notes

Levels and vault maps discovered:
D:1:      mrwooster_arrival_arrow, layout_loops_corners, serial_shops, shop,
          hex_large, patterned_corridor
D:2:      layout_basic
D:3:      layout_basic, basic_ecumenical_altar
D:4:      layout_basic, chequers_temple_overflow_minitemple,
          mainiacjoe_sewer_entry_somewhere_in_here_1, st_stairs_8
D:5:      layout_gridville, kennysheep_mini
D:6:      old_forge, layout_basic, minmay_temple_entry_drinking_statues
D:7:      layout_gridville, serial_shops, nicolae_diamond_shop,
          minmay_increasing_density
D:8:      layout_gridville, due_lair_maze_entry_diamond, serial_shops, shop,
          nicolae_concentric_dashed_squares_mild, uniq_jeremiah
D:9:      layout_cave_pools, nicolae_hepliaklqana_hippocampus, uniq_erica
D:10:     minmay_angry_zag, layout_loops_ring, lemuel_crystal_altar,
          enter_bailey_3
D:11:     minmay_the_grid_square_5x5_4x4 [minmay_the_grid_square_5x5_n_small,
          minmay_the_grid_square_5x5_v, minmay_the_grid_square_5x5_tetrominoes,
          minmay_the_grid_square_5x5_beaten_path,
          minmay_the_grid_square_5x5_checkered,
          minmay_the_grid_square_5x5_prize_pseudospiral,
          minmay_the_grid_square_5x5_prize_snowflake,
          minmay_the_grid_square_5x5_minibox, minmay_the_grid_square_5x5_bridge,
          minmay_the_grid_square_5x5_prize_monsterx,
          minmay_the_grid_square_5x5_prize_rear_guard,
          minmay_the_grid_square_5x5_inverted_slash,
          minmay_the_grid_square_5x5_bracketed,
          minmay_the_grid_square_5x5_inset,
          minmay_the_grid_square_5x5_hourglass,
          minmay_the_grid_square_5x5_dogpile], layout_loops_ring, david_orc_2,
          gammafunk_ghost_spectres
D:12:     layout_roguey, serial_shops, shop, kennysheep_orc_sif_temple
D:13:     layout_irregular_city, grunt_vaults_entry_fortified, uniq_sonja
D:14:     gammafunk_corrupted_shrine, layout_loops_ring, gammafunk_ghost_grave,
          tso_metal_star, nicolae_custom_books, wad_dig_loot
D:15:     hangedman_depths_entry_civil_slaughter, layout_irregular_city,
          minivault_11
Lair:1:   layout_regular_city
Lair:2:   layout_roguey [special_room_bee], elwin_shoals_entry_rocks,
          grunt_megastairs_1
Lair:3:   layout_cave_shapes, hellmonk_spider_entry_life_and_decay,
          cheibrodos_lair_reptile_den, grunt_megastairs_4, lemuel_fruit_fields,
          infiniplex_staircase_pool
Lair:4:   layout_roguey, lemuel_fruit_fields, uniq_rupert
Lair:5:   guppyfry_lair_end_dragon, layout_regular_city, wormcave,
          slime_entry_1, serial_bayou_shore_a
Shoals:1: layout_shoals, serial_shops, shop
Shoals:2: layout_shoals
Shoals:3: layout_shoals, serial_shops, shop
Shoals:4: shoals_end_hellmonk_holy_island, uniq_polyphemus
Spider:1: layout_cave_pods, uniq_donald
Spider:2: layout_spider_delve, special_room, uniq_roxanne
Spider:3: layout_cave_pods, nicolae_spider_bug_shape, uniq_nikola, uniq_arachne,
          uniq_bai_suzhen
Spider:4: hellmonk_spider_rune_endless_swarm, drop_trap,
          hangedman_spider_mandibles, nicolae_spider_shape
Slime:1:  layout_caves
Slime:2:  layout_caves
Slime:3:  layout_caves
Slime:4:  layout_caves
Slime:5:  slime_pit_nicolae_royal_road_to_ruin, uniq_dissolution
Orc:1:    layout_caves
Orc:2:    st_orc_pillars, layout_diamond_mine, nicolae_volcano_entry_two_sided,
          nicolae_orc_lava_room
Elf:1:    eino_elf_arrival_customs, layout_geoelf_octagon, serial_sigils,
          serial_sigils_hangedman_etch, serial_sigils_hangedman_scratch,
          serial_sigils_hangedman_writhe, serial_sigils_hangedman_carve,
          portal_desolation_entry_ruin, serial_shops,
          nicolae_shop_tiny_statue_garden, nicolae_elf_shapeshifter_party
Elf:2:    elven_hall_of_blades_hangedman_original [nooodl_blade_entry_preview],
          layout_geoelf_diagonals, st_stairs_1
Elf:3:    elf_hall, layout_geoelf_diagonals, serial_shops, shop, special_room
          [special_room_mythical_zoo]
Vaults:1: v_misc_5, nicolae_vaults_asterisk, vaults_dpeg_doors,
          nicolae_vaults_tangram_1, vaults_room_door_ring,
          hangedman_vaults_capsules, vaults_mumra_bighexcomb,
          nicolae_vaults_storage_closets_1, vaults_dpeg_hooks,
          layout_vaults_chaotic_city
Vaults:2: minmay_crypt_entry_simple_corners, nicolae_vaults_storage_room_glass,
          nicolae_vaults_house_1, ontoclasm_vaults_decontamination,
          vaults_room_fours, vaults_mumra_minichess, vaults_dpeg_emergency_exit,
          nicolae_vaults_three_branches, nicolae_vaults_shelves_hall,
          layout_vaults_quadrants, serial_shops, shop
Vaults:3: mu_enter_wizlab_3, nicolae_vaults_security_offices_1,
          hangedman_vaults_cutoff, hangedman_vaults_slither,
          nicolae_vaults_alarming, nicolae_vaults_little_squares_4,
          hangedman_vaults_river_flow, vaults_dpeg_ring,
          nicolae_vaults_little_squares_6, nicolae_vaults_turnstiles,
          serial_ice_b, layout_vaults_omnibox, uniq_jory, uniq_boris
Vaults:4: v_pattern_4, grunt_vaults_swirl, v_alt_pattern_1,
          nicolae_vaults_puzzle_piece, v_alt_pattern_6,
          nicolae_vaults_apartment_2, nicolae_vaults_prndl,
          hangedman_vaults_locks, v_rooms_2, nicolae_vaults_display_case,
          vaults_dpeg_diagonal, layout_vaults_maze_snakey, uniq_norris
Vaults:5: serial_shops, uniq_mara
Crypt:1:  layout_basic, gammafunk_ghost_crypt, uniq_saint_roka
Crypt:2:  layout_misc_corridors
Crypt:3:  church_of_pain_bobbens, layout_chaotic_city,
          tomb_entry_simple_bobbens, serial_library_regret_index_headful
Depths:1: layout_cave_shapes, enter_ziggurat_c, minmay_misc_feat_pillars,
          hellmouth_1, corexii_hall_statues_i, okawaru_altar_gauntlet_db,
          grunt_megastairs_5
Depths:2: nicolae_cairo_tiling_large, layout_cave_shapes,
          grunt_hell_entry_dis_mu, serial_shops, nicolae_stop_n_shop_1,
          rand_demon_pan_entry_7, nicolae_shop_clearance, uniq_vv
Depths:3: nzn_winding_woodlands_medium [nzn_winding_woodlands_5x5_three,
          nzn_winding_woodlands_5x15_zeroes,
          nzn_winding_woodlands_5x5_open_star,
          nzn_winding_woodlands_5x5_perimeter,
          nzn_winding_woodlands_center_diamonds,
          nzn_winding_woodlands_5x5_cross,
          nzn_winding_woodlands_5x5_checkerboard,
          nzn_winding_woodlands_5x15_lazy_stream,
          nzn_winding_woodlands_5x5_closed_star], layout_cave_pools,
          nemelex_xobeh_ov_fountains_minmay, pf_hell_entry_great_geh,
          ebering_ghost_reflecting_pool, abyss_entry_flame_altar, uniq_margery,
          uniq_sojobo
Depths:4: grunt_zot_entry_tricorne, layout_basic,
          nicolae_abyss_entry_one_way_or_another, trove_entry_hex_spiral,
          hell_entry, lemuel_zombie_altar_kikubaaqudgha, minmay_shop_grove,
          uniq_frederick
Zot:1:    layout_basic
Zot:2:    layout_cathedral_of_symmetry, hangedman_zot_decor_checkerboard,
          uniq_tiamat
Zot:3:    grunt_zot_stairs_mandelzot, layout_twisted_circle, grunt_megastairs_3,
          uniq_josephina
Zot:4:    kennysheep_bubbly, layout_concentric_octagons,
          hangedman_zot_wheel_spokes, st_single_dragon_hoard_3, lemuel_elevator
Zot:5:    layout_gridlike, gammafunk_ghost_necromancy, grunt_ministairs_4,
          st_stairs_7, drop_trap, hangedman_zot_diagonal_lockstep

Skill      XL: |  1  2  3  4  5  6  7  8  9 10 11 12 13 14 15 16 17 18 19 20 21 22 23 24 25 |
---------------+----------------------------------------------------------------------------+-----
Unarmed Combat | 5 6 7 9 11 12 14 15 17 19 20 21 22 23 | 23.7
Dodging        | 5 6 7 8 10 11 13 14 15 18 20 22 24 25 26 | 26.6
Fighting       | 4 5 6 7 9 10 11 12 13 14 15 16 18 20 21 | 21.6
Shapeshifting  | 2 5 13 14 16 18 20 23 24 | 24.5
Translocations | 4 12 14 16 17 18 | 18.2
Stealth        | 5 12 16 19 22 24 | 24.8

Action                     |  1- 3 |  4- 6 |  7- 9 | 10-12 | 13-15 | 16-18 | 19-21 | 22-24 | 25-27 || total
---------------------------+-------+-------+-------+-------+-------+-------+-------+-------+-------++-------
  Melee: Unarmed           |    99 |   166 |   167 |   540 |   958 |  1124 |  1377 |  1121 |   391 ||  5943
         Bite              |     8 |    13 |    22 |    72 |   160 |   140 |   113 |       |       ||   528
         Punch             |     1 |     5 |     5 |    41 |   134 |   137 |   138 |   183 |    66 ||   710
         Headbutt          |       |       |    34 |   106 |   247 |   209 |   196 |       |       ||   792
         Pseudopods        |       |       |     5 |    44 |       |       |       |       |       ||    49
         Tailslap          |       |       |       |       |       |    44 |     1 |       |       ||    45
   Cast: Manifold Assault  |       |       |       |       |       |   114 |   355 |    74 |    39 ||   582
         Apportation       |       |       |       |       |       |     3 |       |       |       ||     3
 Invoke: Slimify           |       |       |       |       |     5 |     4 |     1 |       |       ||    10
         Oozemancy         |       |       |       |       |     4 |     3 |     2 |       |       ||     9
Ability: Breathe Fire      |       |       |       |       |       |    17 |       |       |       ||    17
         Blinkbolt         |       |       |       |       |       |       |     4 |     7 |       ||    11
  Evoke: Wand              |       |       |       |       |    11 |     2 |     4 |       |       ||    17
         Phantom mirror    |       |       |       |       |     1 |     1 |       |       |       ||     2
         Lightning rod     |       |       |       |       |       |       |     2 |       |       ||     2
         Condenser vane    |       |       |       |       |       |       |     1 |       |       ||     1
    Use: Potion            |       |     1 |       |       |     1 |     3 |     5 |       |     4 ||    14
         Scroll            |       |       |       |       |    22 |    10 |     2 |     2 |     4 ||    40
   Stab: Sleeping          |     5 |     1 |     1 |     9 |     6 |     9 |    23 |    32 |     3 ||    89
         Distracted        |       |       |       |     1 |     1 |     1 |    11 |     9 |     6 ||    29
         Confused          |       |       |       |       |       |     5 |    15 |       |       ||    20
 Armour: Skin              |    23 |    54 |    48 |   100 |   315 |   356 |   248 |   169 |    58 ||  1371
  Dodge: Dodged            |    83 |   149 |   180 |   541 |  1302 |  1124 |   983 |  1316 |   359 ||  6037
   Form: Blade             |       |       |       |       |     1 |     1 |     2 |       |       ||     4
         Statue            |       |       |       |       |       |     2 |       |       |       ||     2
         Dragon            |       |       |       |       |       |     1 |     1 |       |       ||     2
                           |       |       |       |       |       |     1 |       |       |       ||     1
         Serpent           |       |       |       |       |       |     1 |       |       |       ||     1
         Storm             |       |       |       |       |       |       |     2 |       |       ||     2
